 Dungeon Crawl Stone Soup version 0.19.0 (webtiles) character file.

1169985 Chiseanne the Minotaur Barricade (level 27, -5/273 HPs)
             Began as a Minotaur Berserker on Nov 1, 2016.
             Was a High Priest of Trog.
             Killed from afar by a Brimstone Fiend (45 damage)
             ... with damnation
             ... on level 7 of Gehenna.
             The game lasted 07:57:16 (72611 turns).

Chiseanne the Minotaur Barricade (MiBe)            Turns: 72611, Time: 07:57:17

Health: -5/273     AC: 39    Str: 29    XL:     27
Magic:  28/28      EV: 32    Int: 11    God:    Trog [*****.]
Gold:   4902       SH: 28    Dex: 22    Spells: 0 memorised, 26 levels left

rFire  + + .     SeeInvis +     a - +8 broad axe of Fate {chop, rN+}
rCold  + + .     Gourm    .     b - +5 shadow dragon scales of Vanity {-Cast Str+6 Slay+6 Stlth++++}
rNeg   + + +     Faith    .     i - +0 large shield "Yroixot" {rN+}
rPois  .         Spirit   .     N - +1 hat
rElec  +         Reflect  .     K - +0 cloak of Maich {rC+ Str+3 Int+2}
rCorr  .         Harm     .     E - +4 pair of gloves "Fulaogg" {Str+4}
MR     ++++.     NoCast   +     T - +1 pair of boots {Fly}
Stlth  +++++++...               n - amulet "Lielil" {RegenMP rN+ Int+5 Slay+5}
                                P - ring of the Tick {rF+ rC+ Str-4 Dex+3 SInv}
                                v - ring "Ajecroix" {rElec rF+ rN++ SInv}

@: flying, regenerating
A: retaliatory headbutt, horns 2, clumsy 1, low mp 1, weak 2, subdued magic 1
a: Berserk, Trog's Hand, Brothers in Arms, Burn Spellbooks, Renounce Religion,
Stop Flying
}: 11/15 runes: serpentine, barnacled, silver, iron, bone, abyssal, demonic,
glowing, magical, fiery, dark


You were on level 7 of Gehenna.
You worshipped Trog.
Trog was extremely pleased with you.
You were not hungry.

You visited 12 branches of the dungeon, and saw 64 of its levels.
You visited Pandemonium 2 times, and saw 46 of its levels.
You visited the Abyss 3 times.
You visited 1 ziggurat, and saw 20 of its levels.
You also visited: Bailey.

You collected 6829 gold pieces.
You spent 1927 gold pieces at shops.

Inventory:

Hand Weapons
 a - the +8 broad axe of Fate (weapon) {chop, rN+}
   (You found it on level 5 of the Vaults)

   It inflicts extra damage upon your enemies.
   It protects you from negative energy.
 d - the +9 trident of Eternal War {pierce, +Rage rC+ Str+7}
   (You found it on level 8 of the Dungeon)

   It inflicts extra damage upon your enemies.
   It affects your strength (+7).
   It protects you from cold.
   It lets you go berserk.
 s - the +5 scimitar of No More Talking {flame, rElec rPois rF++ Str+3}
   (You found it on level 15 of the Dungeon)

   It has been specially enchanted to burn those struck by it, causing extra
   injury to most foes and up to half again as much damage against particularly
   susceptible opponents.
   Big, fiery blades are also staple armaments of hydra-hunters.
   It affects your strength (+3).
   It greatly protects you from fire.
   It insulates you from electricity.
   It protects you from poison.
Missiles
 l - 12 javelins of penetration {god gift}
 F - 33 poisoned javelins
 G - 3 steel javelins {god gift}
 Q - 8 javelins of returning (quivered) {god gift}
 Y - 22 silver javelins
Armour
 b - the +5 shadow dragon scales of Vanity (worn) {-Cast Str+6 Slay+6 Stlth++++}
   (You took it off a rakshasa on level 2 of the Depths)

   It affects your strength (+6).
   It affects your accuracy and damage with ranged weapons and melee attacks
   (+6).
   It prevents spellcasting.
   It makes you much more stealthy.
 i - the +0 large shield "Yroixot" (worn) {rN+}
   (You acquired it on level 18 of a ziggurat)

   It protects you from negative energy.
 q - the cursed -1 large shield "Taethril" {rElec rC++ MR+ Str-4}
   (You took it off a balrug in Pandemonium)

   It affects your strength (-4).
   It greatly protects you from cold.
   It insulates you from electricity.
   It affects your resistance to hostile enchantments.
   It has a curse placed upon it.
 E - the +4 pair of gloves "Fulaogg" (worn) {Str+4}
   (You acquired it on level 3 of the Depths)

   It affects your strength (+4).
 K - the +0 cloak of Maich (worn) {rC+ Str+3 Int+2}
   (You acquired it on level 2 of the Crypt)

   It affects your strength (+3).
   It affects your intelligence (+2).
   It protects you from cold.
 N - a +1 hat (worn)
 T - a +1 pair of boots of flying (worn)
 V - a +2 pair of boots of running
Rods
 y - a +3 rod of ignition (14/14)
   (You found it on level 14 of a ziggurat)
 L - a +4 rod of clouds (13/13)
   (You took it off an ancient champion on level 7 of the Iron City of Dis)
 Z - a +4 rod of clouds (13/13)
   (You found it on level 17 of a ziggurat)
Jewellery
 n - the amulet "Lielil" (around neck) {RegenMP rN+ Int+5 Slay+5}
   (You found it on level 20 of a ziggurat)

   [amulet of magic regeneration]

   It increases your magic regeneration.
   It affects your intelligence (+5).
   It affects your accuracy and damage with ranged weapons and melee attacks
   (+5).
   It protects you from negative energy.
 r - the ring of Orthodoxy {rElec rPois rF- Str+4 Stlth+}
   (You found it on level 7 of a ziggurat)

   [ring of stealth]

   It affects your strength (+4).
   It makes you vulnerable to fire.
   It insulates you from electricity.
   It protects you from poison.
   It makes you more stealthy.
 v - the ring "Ajecroix" (left hand) {rElec rF+ rN++ SInv}
   (You found it on level 7 of Tartarus)

   [ring of protection from fire]

   It protects you from fire.
   It insulates you from electricity.
   It greatly protects you from negative energy.
   It lets you see invisible.
 P - the ring of the Tick (right hand) {rF+ rC+ Str-4 Dex+3 SInv}
   (You found it on level 7 of a ziggurat)

   [ring of protection from fire]

   It affects your strength (-4).
   It affects your dexterity (+3).
   It protects you from fire.
   It protects you from cold.
   It lets you see invisible.
Wands
 f - a wand of digging (13/24)
 I - a wand of disintegration (2/24)
 W - a wand of hasting (9/9)
Scrolls
 g - 17 scrolls of recharging
 h - 3 scrolls of magic mapping
 k - 11 scrolls of teleportation
 t - 5 scrolls of fear
 A - 2 scrolls of fog
 B - 22 scrolls of remove curse
 H - 6 scrolls of blinking
 J - 6 scrolls of immolation
 R - 5 scrolls of holy word
 U - 3 scrolls of silence
 X - 2 scrolls of identify
Potions
 e - 3 potions of might
 j - 30 potions of curing
 o - 4 potions of invisibility
 u - 4 potions of cure mutation
 w - a potion of agility
 z - a potion of cancellation
 C - 3 potions of resistance
 M - 2 potions of brilliance
 S - 3 potions of heal wounds
Miscellaneous
 m - a lamp of fire
 x - 5 phantom mirrors
 D - a fan of gales
Comestibles
 c - 6 bread rations
 p - 27 meat rations


   Skills:
 O Level 27 Fighting
 - Level 14.0 Long Blades
 * Level 24.6(25.1) Axes
 - Level 10.9(19.3) Polearms
 O Level 27 Throwing
 O Level 27 Armour
 O Level 27 Dodging
 + Level 15.0 Stealth
 O Level 27 Shields
 - Level 13.0 Evocations


You had 26 spell levels left.
You didn't know any spells.

Dungeon Overview and Level Annotations

Branches:
Dungeon (15/15)            Temple (0/1) D:4            Lair (6/6) D:10
 Shoals (4/4) Lair:4        Snake (4/4) Lair:3        Slime (0/5) Lair:6
    Orc (2/2) D:10            Elf (0/3) Orc:2        Vaults (5/5) D:14
  Crypt (3/3) Vaults:2       Tomb (0/3) Crypt:3      Depths (5/5) D:15
   Hell (1/1)                 Dis (7/7) Hell            Geh (7/7) Hell
    Coc (0/7) Hell            Tar (7/7) Hell
    Zot: Depths:5

Altars:
Ashenzari
Dithmenos
Elyvilon
Gozag
Hepliaklqana
Kikubaaqudgha
Makhleb
Nemelex Xobeh
Okawaru
Qazlal
Ru
Trog
Uskayaw
Vehumet
Xom
The Shining One
Beogh
Jiyva

Shops:
D:13 }   Orc:2 *=[(   Vaults:1 }   Vaults:2 ([

Portals:
Hell: Depths:1 Depths:2 Depths:3 Depths:4 Depths:5
Abyss: Depths:2
Pandemonium: Depths:2 Depths:3
Trove: Vaults:3 (give +3 storm dragon scales)


Innate Abilities, Weirdness & Mutations

You reflexively headbutt those who attack you in melee.
You have a pair of horns on your head.
You are clumsy. (Dex -2)
Your magical capacity is low. (-10% MP)
You are very weak. (Str -4)
Your spells are a little easier to cast, but a little less powerful.


Message History

You hit the Brimstone Fiend.
The Brimstone Fiend is severely wounded.
You block the Brimstone Fiend's attack. x3
Your shadow dragon scales of Vanity prevents you from hitting the Brimstone Fiend.
You headbutt the Brimstone Fiend!
The Brimstone Fiend is severely wounded.
You slice the Brimstone Fiend!! The balrug gestures at you.
Something smites you!
* * * LOW HITPOINT WARNING * * *
You block the Brimstone Fiend's attack.
The Brimstone Fiend completely misses you.
You block the Brimstone Fiend's attack.
You feel much better.
The Brimstone Fiend calls on the powers of darkness!
Your body is wracked with pain!
* * * LOW HITPOINT WARNING * * *
The Brimstone Fiend gestures at you.
The sphere of damnation explodes!
The damnation engulfs you!
You die...

§≈..§≈§§#.....'(..†...........'..
≈≈...≈§.##########............#..
≈≈..)...#,,.}:..)#............#..
§.§.....#,,,..$..##############..
≈.......#,,,,=$$|#.......†....'..
≈≈......#,,,,,...#........††..#..
§≈......#,,,,,,|2#'##############
≈≈......########1#.)...........#,
≈≈≈.....#$$$$$$1@#.............#,
§§§§....#$$$$$$#.#.............#,
≈≈≈.....#$$.$$$#.#############'#,
§§≈§....#$$$$$$#..'............#,
≈≈≈≈≈...#########+##############,
§≈§≈≈§§........#*,,,,,,,,,,**,,,,
§≈≈§§§§§.......##*,,,,,,,,,**,,,,
§§§§E≈≈≈≈§..§...#*,,,,,,,,,**,,,,
≈§§≈≈≈≈≈≈≈§§....#*******+****,,≈≈


You could see 2 Brimstone Fiends and a balrug.

Vanquished Creatures
  Cerebov (Pan)
  Ereshkigal (Tar:7)
  Gloorx Vloq (Pan)
  Mnoleg (Pan)
  A seraph (Pan)
  Lom Lobon (Pan)
  Dispater (Dis:7)
  8 pandemonium lords
  Mennas (Crypt:3)
  5 juggernauts
  8 ancient liches
  A greater mummy (Zig:8)
  Frederick (Depths:4)
  Boris (Crypt:2)
  5 Killer Klowns (Zig:10)
  A caustic shrike (Depths:4)
  Geryon (Hell)
  12 golden dragons
  A profane servitor (Crypt:3)
  Jory (Crypt:1)
  2 pearl dragons (Pan)
  7 bone dragons
  8 Brimstone Fiends
  A doom hound (Tar:6)
  28 Tzitzimimeh
  4 iron giants
  11 liches
  7 tentacled monstrosities
  6 Ice Fiends
  A hellephant (Pan)
  10 Hell Sentinels
  9 titans
  10 quicksilver dragons
  37 Executioners
  11 sphinxes
  An acid blob (Zig:4)
  An eldritch tentacle (Abyss:5)
  16 ancient champions
  A thorn hunter (Zig:18)
  14 tentacled starspawn
  5 storm dragons
  Roxanne (D:14)
  7 tengu reavers
  3 revenants
  21 daevas
  26 nagarajas
  5 draconian monks
  11 shadow dragons
  17 fire giants
  6 draconian knights
  11 frost giants
  28 balrugs
  21 vault wardens
  8 iron dragons
  5 draconian scorchers
  5 ghost moths
  12 orc warlords
  5 draconian zealots
  15 warmongers (Pan)
  8 emperor scorpions (Zig:18)
  19 angels (Pan)
  9 black suns (Pan)
  3 draconian shifters
  7 curse skulls
  2 deep elf sorcerers
  A caustic shrike zombie (Zig:11)
  6 ghouls (Crypt:3)
  19 cacodemons
  2 caustic shrike skeletons (Zig:11)
  6 draconian annihilators
  9 blood saints (Pan)
  3 draconian callers
  58 reapers
  17 ironheart preservers
  7 corrupters (Pan)
  A spriggan defender (Depths:2)
  37 very ugly things
  20 stone giants
  9 war gargoyles
  20 apis (Pan)
  The ghost of barbarian the Blocker, a journeyman MiFi of Okawaru (D:14)
  13 ophanim
  2 bennus (Zig:8)
  An entropy weaver (Depths:3)
  2 black draconians
  3 red draconians
  8 green draconians
  2 deep elf demonologists
  2 purple draconians
  15 vampire knights
  13 lorocyprocas
  2 yellow draconians
  7 deep elf annihilators
  A spark wasp (shapeshifter) (Zig:10)
  10 spark wasps
  2 crystal guardians
  25 blizzard demons
  7 deep elf death magi
  15 green deaths (Pan)
  15 ettins
  3 eidola
  A fire dragon (shapeshifter) (Depths:3)
  3 merfolk javelineers
  5 death oozes (Crypt:2)
  27 ogre magi
  10 fire dragons
  A spectral kraken (Tar:7)
  7 merfolk impalers
  3 quicksilver dragon zombies
  27 jiangshi
  4 mummy priests
  6 hydras
  4 hell beasts
  20 yaktaur captains
  2 quicksilver dragon skeletons
  15 great orbs of eyes
  15 ice dragons
  31 vault guards
  13 rakshasas
  A ghost crab (shapeshifter) (Vaults:1)
  A ghost crab (Tar:7)
  2 juggernaut simulacra (Pan)
  13 monstrous demonspawn (Pan)
  13 naga warriors
  10 spriggan air magi
  A spectral stone giant (Crypt:3)
  6 death knights
  2 alligator snapping turtles (Zig:18)
  A satyr (Zig:18)
  The ghost of no0bjke the Blocker, a novice MiFi of Okawaru (D:11)
  6 merfolk aquamancers
  2 dancing weapons (Vaults:5)
  20 anacondas
  A merfolk avatar (Abyss:5)
  15 centaur warriors
  10 deep troll shamans
  6 death yaks (Lair:2)
  A death scarab (Zig:8)
  6 tengu warriors
  4 titan zombies
  12 vampire magi
  2 alligators (shapeshifter) (Zig:14)
  An alligator (Zig:18)
  11 naga sharpshooters
  12 hell hogs
  A queen ant (Lair:3)
  7 orc high priests
  8 deep troll earth magi
  28 thrashing horrors
  18 hell knights
  9 shock serpents
  7 deep elf knights
  5 spriggan berserkers
  32 soul eaters
  6 iron golems (Dis:6)
  A fire crab (shapeshifter) (Vaults:5)
  3 titan skeletons
  13 wretched stars
  48 sun demons
  5 golden dragon zombies
  26 sixfirhies
  26 iron trolls
  3 storm dragon zombies
  A spectral emperor scorpion (Crypt:3)
  4 storm dragon skeletons
  14 shadow wraiths
  3 ghost moth zombies
  8 salamander mystics
  69 skeletal warriors
  12 cherubim (Pan)
  9 glowing orange brains
  9 infernal demonspawn (Pan)
  17 flayed ghosts
  7 death drakes
  24 shadow demons
  12 wizards
  4 sea snakes
  21 torturous demonspawn (Pan)
  A deep troll (shapeshifter) (Depths:3)
  A spark wasp zombie (Zig:9)
  4 anaconda zombies
  22 deep trolls
  7 hill giants
  4 shadow dragon zombies
  8 naga ritualists
  9 gelid demonspawn (Pan)
  4 deep elf archers
  15 ironbrand convokers
  Pikel (D:9)
  14 phantasmal warriors
  6 lindwurms
  3 swamp dragons
  17 orc knights
  An orange crystal statue (Zig:20)
  8 harpies
  An anaconda skeleton (Geh:7)
  10 mana vipers
  4 iron dragon zombies
  A sphinx zombie (Hell)
  A mana viper (shapeshifter) (Vaults:5)
  A harpy (shapeshifter) (Abyss:4)
  A shadow dragon skeleton (Geh:4)
  4 wolf spiders
  4 wolf spider zombies
  7 oklob plants (Zig:13)
  10 orc sorcerers
  16 necromancers
  7 fire giant zombies
  4 worldbinders
  42 ugly things
  2 frost giant zombies
  A salamander (shapeshifter) (Depths:1)
  8 cyclopes
  A shining eye (Abyss:4)
  4 manticores
  2 moths of wrath (shapeshifter)
  85 large abominations
  12 deep elf magi
  5 elephants (Lair:6)
  2 sirens
  10 salamanders
  4 frost giant skeletons
  21 vault sentinels
  2 iron dragon skeletons
  7 moths of wrath
  3 stone giant zombies
  14 guardian serpents
  5 ice statues (Pan)
  2 torpor snails
  A shock serpent zombie (Dis:7)
  3 apocalypse crabs
  2 stone giant skeletons
  2 water nymphs
  30 naga magi
  Maurice (D:9)
  12 molten gargoyles (Geh:7)
  38 black mambas
  24 orange demons
  31 rust devils
  2 dire elephant zombies (Dis:7)
  40 smoke demons
  A shock serpent skeleton (Tar:3)
  2 emperor scorpion zombies
  2 gargoyles
  29 hellions
  A dire elephant skeleton (Geh:4)
  5 komodo dragons
  13 spiny frogs
  A yaktaur (shapeshifter) (Depths:2)
  A catoblepas zombie (Geh:4)
  10 demonic crawlers
  29 tormentors
  6 guardian mummies
  7 rime drakes
  A spectral swamp worm (Tar:7)
  7 efreet
  19 freezing wraiths
  18 hellwings
  11 ancient zymes
  5 hydra zombies
  24 ice devils
  A tengu conjurer (Depths:2)
  The ghost of appiemonkey the Skirmisher, an amateur MiFi (D:4)
  A queen bee (D:15)
  2 silent spectres (Tar:1)
  36 red devils
  60 yaktaurs
  3 meliai (D:15)
  11 trolls
  3 harpy zombies
  A merfolk (shapeshifter) (Vaults:5)
  18 wind drakes
  7 merfolk
  A hornet (shapeshifter) (Vaults:3)
  2 blink frogs (shapeshifter)
  A tyrant leech (Zig:18)
  16 hornets
  49 slime creatures
  6 polar bears
  28 two-headed ogres
  A jumping spider zombie (Crypt:2)
  A dream sheep (Lair:5)
  16 blink frogs
  2 harpy skeletons
  3 hydra skeletons
  3 ettin zombies
  A raiju (shapeshifter) (Depths:4)
  A fire giant simulacrum (Vaults:1)
  2 ice dragon zombies
  3 snapping turtles
  3 spriggan zombies
  2 fire dragon zombies
  A stone giant simulacrum (Vaults:1)
  18 raiju
  An alligator zombie (Tar:7)
  A bog body (Zig:18)
  A deep troll zombie (Hell)
  8 hippogriffs
  Sigmund (D:3)
  A fire dragon skeleton (Geh:4)
  3 ice dragon skeletons
  2 spriggans (shapeshifter)
  92 flying skulls
  39 ynoxinuls
  A spriggan skeleton (Zig:3)
  12 air elementals
  A wyvern (shapeshifter) (Depths:2)
  A hog (shapeshifter) (Depths:3)
  17 shadows
  72 starcursed masses
  2 tarantellas (shapeshifter)
  18 wraiths
  A black mamba zombie (Geh:4)
  6 wyverns
  An ettin skeleton (Pan)
  An elf zombie (Zig:9)
  2 basilisks
  14 water elementals
  A basilisk (shapeshifter) (Vaults:2)
  51 yaks
  13 fire bats
  A black mamba skeleton (Pan)
  14 fire elementals
  4 hogs (D:7)
  A human (D:7)
  15 chaos spawn
  4 steam dragons
  4 hungry ghosts
  6 vampire mosquitoes
  8 wargs
  37 neqoxecs
  An insubstantial wisp (Abyss:1)
  4 mottled dragons
  2 tengu zombies (Hell)
  A spatial vortex (Abyss:1)
  2 swamp worms (shapeshifter)
  33 nagas
  34 hell hounds
  A floating eye (Zig:4)
  21 soldier ants
  14 water moccasins
  A spiny frog zombie (Hell)
  A hydra simulacrum (Hell)
  6 porcupines
  5 swamp drakes
  5 spiny frog skeletons
  2 ice beasts
  7 sky beasts
  A phantom (D:8)
  58 orc warriors
  A snapping turtle zombie (Dis:7)
  3 black bears
  A swamp dragon zombie (Geh:7)
  A fire dragon simulacrum (Crypt:3)
  3 eyes of draining
  27 boggarts
  87 ogres
  16 necrophages
  A tengu (shapeshifter) (Vaults:1)
  A boggart (shapeshifter) (Vaults:4)
  9 wolves
  A crocodile (shapeshifter) (Abyss:5)
  20 small abominations
  12 centaurs
  A snapping turtle skeleton (Tar:6)
  11 crocodiles
  9 big kobolds
  A wyvern zombie (D:11)
  A cyclops zombie (Crypt:2)
  A big kobold (shapeshifter) (D:15)
  20 bullfrogs
  A salamander zombie (Crypt:2)
  An earth elemental (Abyss:4)
  2 wyvern skeletons
  2 scorpions
  A human simulacrum (Vaults:1)
  28 killer bees
  36 wights
  A yak skeleton (Crypt:1)
  A troll skeleton (Pan)
  2 electric eels
  4 howler monkeys
  11 crimson imps
  2 quasits
  5 hounds
  A centaur zombie (D:12)
  34 orc priests
  13 human zombies
  A bullfrog zombie (D:5)
  A gnoll shaman (Zig:20)
  3 human skeletons
  6 jellies
  25 orc wizards
  2 bullfrog skeletons
  7 centaur skeletons
  29 iron imps
  Ijyb (D:3)
  Terence (D:3)
  A hell rat (shapeshifter) (Depths:2)
  7 iguanas
  An iguana (shapeshifter) (Vaults:4)
  29 worker ants
  A naga skeleton (Pan)
  A hound zombie (D:11)
  A hound skeleton (D:8)
  14 mummies
  Robin (D:3)
  2 worker ant zombies (D:8)
  A gnoll (shapeshifter) (Vaults:3)
  A gnoll (D:11)
  20 adders
  16 shadow imps
  3 white imps
  An adder zombie (D:7)
  4 adder skeletons
  2 worms
  2 ball lightnings (Pan)
  A dart slug (D:3)
  2 leopard geckos
  119 orcs
  2 giant cockroaches
  7 hobgoblins
  8 jackals (D:2)
  40 kobolds
  3 quokkas
  4 ball pythons
  A ball python zombie (D:6)
  7 bats
  7 frilled lizards
  18 goblins
  A jackal zombie (Crypt:2)
  A kobold skeleton (Geh:4)
  2 orc skeletons (D:7)
  2 orc zombies
  A quokka skeleton (D:4)
  5 rats
  2 bushes
  8 fungi
  2 lurking horrors
  A macabre mass (Abyss:4)
  8 plants
  19 starspawn tentacles
4269 creatures vanquished.

Vanquished Creatures (collateral kills)
  2 dire elephants
  2 hydras (Zig:5)
  A naga warrior (Snake:4)
  A merfolk avatar (Lair:6)
  A death yak (Zig:5)
  2 shock serpents (Snake:4)
  3 naga sharpshooters (Snake:4)
  A salamander mystic (Snake:4)
  A sea snake (Lair:6)
  An orange crystal statue (Depths:4)
  A mana viper (Snake:4)
  3 black mambas (Snake:4)
  2 spiny frogs (Zig:5)
  A naga mage (Snake:4)
  A rime drake (Lair:6)
  A komodo dragon (Lair:6)
  A wind drake (Lair:6)
  A naga (Snake:4)
  A boggart (Depths:4)
27 creatures vanquished.

Vanquished Creatures (others)
  3 eldritch tentacles
  A storm dragon (Zig:6)
  A draconian shifter (Zig:15)
  3 stone giants
  2 merfolk javelineers (Shoals:4)
  A green death (Pan)
  3 yaktaur captains
  2 centaur warriors
  A merfolk aquamancer (Shoals:4)
  An ogre mage (Depths:3)
  A tengu warrior (Depths:2)
  4 naga sharpshooters
  A wretched star (Abyss:5)
  A salamander mystic (Snake:4)
  An unseen horror (D:15)
  2 wizards (Pan)
  A deep elf archer (Vaults:4)
  A deep troll (Zig:14)
  A manticore (Zig:18)
  A cyclops (Vaults:2)
  An ugly thing (Depths:3)
  A black mamba (Zig:19)
  A siren (Shoals:4)
  A vault sentinel (Vaults:4)
  13 yaktaurs
  A steam dragon (Zig:6)
  A hell hound (Dis:7)
  3 orc warriors
  4 slaves (D:9)
  2 boggarts
  3 centaurs
  An ogre (Vaults:5)
  A manticore skeleton (Geh:2)
  A starcursed mass (Abyss:3)
  2 iron imps (Dis:6)
  4 ball lightnings (Pan)
  9 orcs (Bailey)
  A kobold (D:8)
  18 fungi
  2 lurking horrors (Abyss:5)
  13 plants
  36 starspawn tentacles
  4 tentacles (Tar:7)
  17 withered plants (Crypt:2)
172 creatures vanquished.

Grand Total: 4468 creatures vanquished

Notes
Turn   | Place    | Note
-------+----------+-------------------------------------------
     0 | D:1      | Chiseanne the Minotaur Berserker began the quest for the Orb.
     0 | D:1      | Reached XP level 1. HP: 19/19 MP: 0/0
     2 | D:1      | Noticed a troll
     2 | D:1      | Noticed a draconian
     4 | D:1      | Noticed a naga
     6 | D:1      | Noticed a tengu
     6 | D:1      | Noticed a human
     8 | D:1      | Noticed a dwarf
     8 | D:1      | Noticed a demonspawn
    10 | D:1      | Noticed a formicid
    12 | D:1      | Noticed a minotaur
    12 | D:1      | Noticed a demigod
    14 | D:1      | Noticed a ghoul
    14 | D:1      | Noticed a gargoyle
    16 | D:1      | Noticed a halfling
    16 | D:1      | Noticed an elf
    18 | D:1      | Noticed a felid
    20 | D:1      | Noticed a spriggan
    20 | D:1      | Noticed a merfolk
    22 | D:1      | Noticed a vine stalker
    22 | D:1      | Noticed a centaur
    24 | D:1      | Noticed an ogre
    26 | D:1      | Noticed a vampire
    26 | D:1      | Noticed an octopode
   244 | D:1      | Reached XP level 2. HP: 22/27 MP: 1/1
  1076 | D:2      | Reached XP level 3. HP: 17/33 MP: 2/2
  1387 | D:2      | Found a hazy altar of Hepliaklqana.
  1463 | D:2      | Found a radiant altar of Vehumet.
  1482 | D:2      | Found a sparkling altar of Nemelex Xobeh.
  1572 | D:2      | Found a faded altar of an unknown god.
  1572 | D:2      | Found a faded altar of an unknown god.
  1588 | D:2      | Found a white marble altar of Elyvilon.
  1590 | D:2      | Found a faded altar of an unknown god.
  1592 | D:2      | Found a faded altar of an unknown god.
  1695 | D:2      | Reached ** piety under Trog
  1992 | D:3      | Noticed Terence
  2010 | D:3      | Reached XP level 4. HP: 40/40 MP: 3/3
  2010 | D:3      | Killed Terence
  2067 | D:3      | Noticed Sigmund
  2089 | D:3      | Killed Sigmund
  2089 | D:3      | Reached skill level 5 in Axes
  2089 | D:3      | Reached XP level 5. HP: 47/47 MP: 4/4
  2089 | D:3      | Reached XP level 6. HP: 55/55 MP: 5/5
  2177 | D:3      | Noticed Robin
  2208 | D:3      | Killed Robin
  2208 | D:3      | Reached skill level 5 in Fighting
  2390 | D:3      | Found a shattered altar of Ashenzari.
  2433 | D:3      | Noticed Ijyb
  2447 | D:3      | Killed Ijyb
  2512 | D:3      | Reached *** piety under Trog
  2540 | D:3      | Found a sacrificial altar of Ru.
  2752 | D:4      | Reached skill level 5 in Armour
  2943 | D:4      | Found a stormy altar of Qazlal.
  2966 | D:4      | Found a staircase to the Ecumenical Temple.
  3268 | D:4      | Noticed appiemonkey's ghost (amateur MiFi)
  3286 | D:4      | Killed appiemonkey's ghost
  3286 | D:4      | Reached skill level 1 in Shields
  3286 | D:4      | Reached XP level 7. HP: 62/62 MP: 6/6
  3937 | D:5      | Entered Level 5 of the Dungeon
  3983 | D:5      | Noticed a steam dragon
  3984 | D:5      | Noticed a steam dragon
  3994 | D:5      | Killed a steam dragon
  3994 | D:5      | Reached XP level 8. HP: 64/71 MP: 7/7
  4119 | D:5      | Found a glowing golden altar of the Shining One.
  5044 | D:6      | Identified the Volume of the Rocks and the Arsonist
  5149 | D:6      | Reached skill level 5 in Shields
  5161 | D:6      | Found a hide-covered altar of Uskayaw.
  5377 | D:6      | Reached XP level 9. HP: 80/80 MP: 8/8
  5588 | D:6      | Found a burning altar of Makhleb.
  5623 | D:6      | Found an opulent altar of Gozag.
  5639 | D:6      | Found an iron altar of Okawaru.
  5720 | D:6      | Reached **** piety under Trog
  6259 | D:7      | Found a bloodstained altar of Trog.
  6389 | D:7      | Found a shadowy altar of Dithmenos.
  6600 | D:7      | Found an ancient bone altar of Kikubaaqudgha.
  6606 | D:7      | Reached XP level 10. HP: 63/91 MP: 9/9
  7044 | D:8      | Paralysed by a hornet for 2 turns
  7411 | D:8      | Got a twisted trident
  7412 | D:8      | Identified the +9 trident of Eternal War {pierce, +Rage rC+ Str+7} (You found it on level 8 of the Dungeon)
  7496 | D:8      | Reached skill level 1 in Polearms
  7637 | D:8      | Found a shimmering altar of Xom.
  7637 | D:8      | Found a bloodstained altar of Trog.
  7864 | D:8      | Reached skill level 10 in Fighting
  8328 | D:9      | Found a bloodstained altar of Trog.
  8401 | D:9      | Noticed a manticore
  8403 | D:9      | Noticed Pikel
  8408 | D:9      | Killed a manticore
  8408 | D:9      | Reached skill level 10 in Armour
  8413 | D:9      | Killed Pikel
  8985 | D:9      | Noticed Maurice
  8992 | D:9      | Killed Maurice
  9013 | D:10     | Entered Level 10 of the Dungeon
  9023 | D:10     | Found a staircase to the Lair.
  9106 | D:10     | Reached ***** piety under Trog
  9142 | D:10     | Found a staircase to the Orcish Mines.
  9320 | D:10     | Reached XP level 11. HP: 97/101 MP: 10/10
 10167 | D:11     | Reached skill level 5 in Polearms
 10227 | D:11     | Noticed no0bjke's ghost (novice MiFi)
 10238 | D:11     | Killed no0bjke's ghost
 10238 | D:11     | Reached skill level 10 in Shields
 10249 | D:11     | Found a flagged portal.
 10261 | Bailey   | Entered a bailey
 10551 | Bailey   | Noticed an orc knight
 10562 | Bailey   | Killed an orc knight
 10566 | Bailey   | Found a roughly hewn altar of Beogh.
 10684 | Bailey   | Identified a scroll of acquirement
 11134 | D:11     | Received a gift from Trog
 11678 | D:12     | Noticed a hill giant
 11689 | D:12     | Killed a hill giant
 11714 | D:12     | Reached XP level 12. HP: 89/112 MP: 11/11
 12630 | D:13     | Noticed a centaur warrior
 12635 | D:13     | Killed a centaur warrior
 12746 | D:13     | Found Anegaat's Gadget Shop.
 12963 | D:14     | Noticed barbarian's ghost (journeyman MiFi)
 12977 | D:14     | Killed barbarian's ghost
 13127 | D:14     | Noticed a centaur warrior
 13134 | D:14     | Killed a centaur warrior
 13203 | D:14     | Found a gate to the Vaults.
 13270 | D:14     | Noticed a four-headed hydra
 13277 | D:14     | Killed a one-headed hydra
 13518 | D:14     | Noticed Roxanne
 13533 | D:14     | Killed Roxanne
 13534 | D:14     | Identified Roxanne's Compendium of Shape Shifting (You took it off Roxanne on level 14 of the Dungeon)
 13809 | D:15     | Entered Level 15 of the Dungeon
 13859 | D:15     | Reached XP level 13. HP: 122/122 MP: 12/12
 14162 | D:15     | Reached skill level 10 in Polearms
 14269 | D:15     | Noticed a fire dragon
 14283 | D:15     | Killed a fire dragon
 14301 | D:15     | Found a staircase to the Depths.
 14526 | D:15     | Got an ancient trident
 14527 | D:15     | Identified the +10 trident "Igumit" {drain, +Blink rPois} (You found it on level 15 of the Dungeon)
 14559 | D:15     | Found a runed door.
 14695 | D:15     | Got a bone scimitar
 14925 | Orc:1    | Entered Level 1 of the Orcish Mines
 14946 | Orc:1    | Received a gift from Trog
 15306 | Orc:2    | Entered Level 2 of the Orcish Mines
 15350 | Orc:2    | Noticed an orc warlord
 15375 | Orc:2    | Killed an orc warlord
 15592 | Orc:2    | Found a staircase to the Elven Halls.
 15837 | Orc:2    | Found a roughly hewn altar of Beogh.
 15847 | Orc:2    | Noticed an orc warlord
 15850 | Orc:2    | Reached XP level 14. HP: 80/133 MP: 13/13
 16080 | Orc:2    | Killed an orc warlord
 16175 | Orc:2    | Found Vaim's Jewellery Shoppe.
 16218 | Orc:2    | Received a gift from Trog
 16239 | Orc:2    | Found Naka Fosm's Antique Weapon Shoppe.
 16451 | Orc:2    | Bought a cursed amulet of inaccuracy for 28 gold pieces
 16589 | Orc:2    | Found Ytoubif's General Store.
 16595 | Orc:2    | Bought a scroll of enchant weapon for 82 gold pieces
 16604 | Orc:2    | Found Anarghev's Antique Armour Shoppe.
 16735 | Orc:2    | Reached skill level 15 in Fighting
 16897 | Orc:2    | Found a roughly hewn altar of Beogh.
 17022 | Orc:2    | Bought an uncursed amulet of guardian spirit for 420 gold pieces
 17210 | Lair:1   | Entered Level 1 of the Lair of Beasts
 18070 | Lair:2   | Reached skill level 15 in Armour
 18505 | Lair:2   | Received a gift from Trog
 18821 | Lair:3   | Reached skill level 15 in Shields
 19032 | Lair:3   | Found a staircase to the Snake Pit.
 19195 | Lair:3   | Reached ****** piety under Trog
 19363 | Lair:3   | Received a gift from Trog
 19894 | Lair:4   | Found a staircase to the Shoals.
 20902 | Lair:5   | Reached XP level 15. HP: 135/144 MP: 12/14
 21023 | Lair:5   | Identified the +5 scimitar of No More Talking {flame, rElec rPois rF++ Str+3} (You found it on level 15 of the Dungeon)
 21353 | Lair:6   | Entered Level 6 of the Lair of Beasts
 21365 | Lair:6   | Received a gift from Trog
 21408 | Lair:6   | Found a viscous altar of Jiyva.
 21409 | Lair:6   | Found a staircase to the Slime Pits.
 22269 | Lair:6   | Got a bloodstained war axe
 22317 | Lair:6   | Identified the +7 war axe of Wondrous Power {chaos, MR+ Str+2} (You found it on level 6 of the Lair of Beasts)
 22489 | Snake:1  | Entered Level 1 of the Snake Pit
 23178 | Snake:4  | Entered Level 4 of the Snake Pit
 23197 | Snake:4  | Noticed a nagaraja
 23223 | Snake:4  | Killed a nagaraja
 23228 | Snake:4  | Received a gift from Trog
 23933 | Snake:4  | Noticed a nagaraja
 23943 | Snake:4  | Killed a nagaraja
 23992 | Snake:4  | Noticed a nagaraja
 24005 | Snake:4  | Killed a nagaraja
 24009 | Snake:4  | Noticed a nagaraja
 24036 | Snake:4  | Killed a nagaraja
 24036 | Snake:4  | Reached XP level 16. HP: 55/157 MP: 15/15
 25628 | Snake:4  | Got a serpentine rune of Zot
 26250 | Lair:4   | Upgraded the game from 0.19-b1-5-gdc9fa9d to 0.19.0
 26252 | Shoals:1 | Entered Level 1 of the Shoals
 26405 | Shoals:2 | Reached XP level 17. HP: 132/168 MP: 16/16
 26598 | Shoals:4 | Entered Level 4 of the Shoals
 26692 | Shoals:4 | Got a barnacled rune of Zot
 27034 | Vaults:1 | Entered Level 1 of the Vaults
 28309 | Vaults:1 | Received a gift from Trog
 28839 | Vaults:1 | Found Rawawuezia's Gadget Shoppe.
 28848 | Vaults:1 | Bought a wand of hasting (5/9) for 972 gold pieces
 29125 | Vaults:2 | HP: 4/255 [harpy (9)]
 29130 | Vaults:2 | HP: 1/255 [harpy (6)]
 29756 | Vaults:2 | Found a shimmering altar of Xom.
 29760 | Vaults:2 | Found Lastrilih's Weapon Emporium.
 29789 | Vaults:2 | Reached XP level 18. HP: 156/178 MP: 17/17
 30149 | Vaults:2 | Found a staircase to the Crypt.
 30629 | Vaults:2 | Received a gift from Trog
 30998 | Vaults:2 | Found Aroybbox's Antique Armour Shop.
 31005 | Vaults:2 | Bought a twisted leather armour for 175 gold pieces
 31005 | Vaults:2 | Bought a glowing hat for 250 gold pieces
 31006 | Vaults:2 | Identified the +1 leather armour "Jitocrue" {*Drain +Fly rF+ rN+ SInv} (You bought it in a shop on level 2 of the Vaults)
 31337 | Vaults:3 | Reached skill level 1 in Throwing
 31844 | Vaults:3 | Received a gift from Trog
 31863 | Vaults:3 | Noticed a lich
 31979 | Vaults:3 | Killed a lich
 32575 | Vaults:3 | Reached skill level 5 in Dodging
 32700 | Vaults:3 | Reached XP level 19. HP: 112/189 MP: 18/18
 33102 | Vaults:3 | Found a portal to a secret trove of treasure.
 33680 | Vaults:4 | Reached skill level 10 in Dodging
 33688 | Vaults:4 | Received a gift from Trog
 33818 | Vaults:4 | Received a gift from Trog
 34698 | Vaults:4 | Received a gift from Trog
 35630 | Depths:1 | Entered Level 1 of the Depths
 35985 | Depths:1 | Received a gift from Trog
 36210 | Depths:1 | Reached XP level 20. HP: 186/198 MP: 19/19
 36577 | Depths:1 | Reached skill level 15 in Dodging
 36618 | Depths:1 | Found a gateway to Hell.
 37070 | Depths:2 | Found a one-way gate to the infinite horrors of the Abyss.
 37146 | Depths:2 | Received a gift from Trog
 37244 | Depths:2 | Found a gateway to a ziggurat.
 37377 | Depths:2 | Got a bronze scale mail
 37378 | Depths:2 | Identified the +5 scale mail of Cimoskev {rPois MR++} (You acquired it on level 2 of the Depths)
 38401 | Depths:2 | Found a one-way gate leading to the halls of Pandemonium.
 39302 | Depths:2 | Got dazzling shadow dragon scales
 39637 | Depths:2 | Identified the +5 shadow dragon scales of Vanity {-Cast Str+6 Slay+6 Stlth++++} (You took it off a rakshasa on level 2 of the Depths)
 39711 | Depths:2 | Found a shadowy altar of Dithmenos.
 40108 | D:13     | Received a gift from Trog
 41633 | Depths:3 | Reached XP level 21. HP: 175/203 MP: 20/20
 41863 | Depths:3 | Noticed a golden dragon
 41878 | Depths:3 | Paralysed by a sphinx for 3 turns
 41902 | Depths:3 | Killed a golden dragon
 42213 | Depths:3 | Paralysed by an ogre mage for 3 turns
 42241 | Depths:3 | Received a gift from Trog
 42355 | Depths:3 | Chiseanne: Trog keeps gifting nonsense :-/
 42396 | Depths:3 | Got a pair of faintly glowing gloves
 42407 | Depths:3 | Identified the +4 pair of gloves "Fulaogg" {Str+4} (You acquired it on level 3 of the Depths)
 42479 | Depths:3 | p0werm0de: ;P
 42482 | Depths:3 | Chiseanne: :D
 42482 | Depths:3 | p0werm0de: one handed polarm is only demon trient tho
 42486 | Depths:3 | Chiseanne: haha I wish
 42486 | Depths:3 | p0werm0de: int 4 ;p
 42486 | Depths:3 | p0werm0de: lol
 42486 | Depths:3 | Chiseanne: nest I could get
 42486 | Depths:3 | Chiseanne: yeah well..its a trogger what do you expect lol
 42486 | Depths:3 | Chiseanne: nest=best
 42493 | Depths:3 | p0werm0de: yea k
 42500 | Depths:3 | p0werm0de: maybe youll find better here
 42500 | Depths:3 | Chiseanne: hopefully..this is a shitty game..lets hope it gets better
 42500 | Depths:3 | Chiseanne: found azig and v:5 still undone
 42522 | Depths:3 | p0werm0de: ??trident
 42523 | Depths:3 | beem: trident[1/1]: (polearms; +1 acc / 9 dam / 1.3 base delay / 0.6 min delay). A fishing spear improved with a longer shaft and a three-pronged metal head.
 42526 | Depths:3 | p0werm0de: yea 9 dmg pretty poor
 42526 | Depths:3 | Chiseanne: I know
 42526 | Depths:3 | Chiseanne: but
 42526 | Depths:3 | p0werm0de: i know why i play unarmed so much
 42526 | Depths:3 | Chiseanne: yeah..and than again...no stats from unarmed..doh
 42526 | Depths:3 | Chiseanne: at least some slay bonus
 42526 | Depths:3 | p0werm0de: ;P
 42526 | Depths:3 | p0werm0de: nice
 42526 | Depths:3 | Chiseanne: together with that massive str
 42537 | Depths:3 | p0werm0de: yea true
 42537 | Depths:3 | p0werm0de: should be enough dmg
 42544 | Depths:3 | Chiseanne: yeah..Im wishing for a braod axe tho
 42567 | Depths:3 | p0werm0de: you got one in inv?
 42572 | Depths:3 | p0werm0de: no enchants?
 42582 | Depths:3 | Chiseanne: not much
 42582 | Depths:3 | p0werm0de: id say a +5 one would be better aready
 42582 | Depths:3 | p0werm0de: and its elec no?
 42582 | Depths:3 | Chiseanne: and I can put his down because I have no resistances otherwise
 42582 | Depths:3 | p0werm0de: dont really need rC
 42582 | Depths:3 | Chiseanne: what is elec?
 42582 | Depths:3 | p0werm0de: elec brand
 42582 | Depths:3 | Chiseanne: the trident?
 42582 | Depths:3 | p0werm0de: broadaxe
 42582 | Depths:3 | p0werm0de: &dump chiseanne
 42582 | Depths:3 | beem: http://CRAWL.XTAHUA.COM/crawl/morgue/Chiseanne/Chiseanne.txt
 42582 | Depths:3 | p0werm0de: ah antimagic kk
 42582 | Depths:3 | Chiseanne: I have a freezing
 42582 | Depths:3 | p0werm0de: ehh
 42582 | Depths:3 | p0werm0de: xxD
 42582 | Depths:3 | p0werm0de: thatd be good for zot
 42582 | Depths:3 | p0werm0de: antimagic one +5 or sth
 42582 | Depths:3 | Chiseanne: not a friend tho
 42650 | Depths:3 | p0werm0de: https://www.reddit.com/r/DCSStourney/comments/585k3v/dcss_019_tournament_recruitment_thread/
 42653 | Depths:3 | p0werm0de: just posting in case you lookin to team up for tourney
 42653 | Depths:3 | p0werm0de: theres a thread to form teams
 42653 | Depths:3 | Chiseanne: cool
 42653 | Depths:3 | p0werm0de: its quite fun with all those stats an banners
 42653 | Depths:3 | p0werm0de: starting friday
 42653 | Depths:3 | Chiseanne: I dont know..if someone would ask me I would join but Im not really seaching
 42653 | Depths:3 | Chiseanne: but I did that before..its fun :)
 42662 | Depths:3 | p0werm0de: kk
 42678 | Depths:3 | Chiseanne: are you teamed?
 42717 | Depths:3 | p0werm0de: yea i have mostly same team as last year
 42732 | Depths:3 | Chiseanne: cool :)
 42732 | Depths:3 | varam: hey there :)
 42732 | Depths:3 | p0werm0de: we were quite ok last year 5th place clan ranking
 42732 | Depths:3 | Chiseanne: hi :)
 42732 | Depths:3 | p0werm0de: hey varam
 42732 | Depths:3 | p0werm0de: https://www.reddit.com/r/DCSStourney/comments/585k3v/dcss_019_tournament_recruitment_thread/
 42732 | Depths:3 | Chiseanne: hows it going?
 42732 | Depths:3 | p0werm0de: here if youre lookin for a team for tourney
 42732 | Depths:3 | Chiseanne: nice..that is something!
 42780 | Depths:3 | p0werm0de: eh not last year it was in may in fact ;XP
 42791 | Depths:3 | varam: is one tournament by year?
 42791 | Depths:3 | p0werm0de: no per release
 42791 | Depths:3 | varam: ok
 42791 | Depths:3 | Chiseanne: aye
 42791 | Depths:3 | p0werm0de: so more like 2-3
 42805 | Depths:3 | varam: ok i will take a look about reddit
 42808 | Depths:3 | p0werm0de: !stalk vev
 42815 | Depths:3 | beem: vev the L25 MuEn^Ash in D:15 (cxc tiles), T:67888, runes: 3 (decaying, abyssal, gossamer), defenses: 29/28/12, stats: 23/26/26, >15 skills: Fighting,Axes,Hexes
 42828 | Depths:3 | varam: !stalk p0wermode
 42829 | Depths:3 | vev: you got hs?
 42829 | Depths:3 | beem: No milestones for p0wermode.
 42837 | Depths:3 | p0werm0de: yea
 42837 | Depths:3 | varam: :(
 42837 | Depths:3 | p0werm0de: !hs * teck
 42837 | Depths:3 | vev: gratz ;]
 42837 | Depths:3 | beem: 2396. p0werm0de the Sensei (L27 TeCK of Xom), escaped with the Orb and 15 runes on 2016-11-01 03:26:35, with 26533767 points after 56435 turns and 8:17:56.
 42840 | Depths:3 | varam: oh
 42841 | Depths:3 | varam: !
 42842 | Depths:3 | varam: gz
 42843 | Depths:3 | p0werm0de: finally worked. noot best score but ok ;P
 42858 | Depths:3 | p0werm0de: and i played last 2 hellbranches + slime oorbrun with b erserk 2 xD
 42858 | Depths:3 | p0werm0de: was a thrill for sure
 42858 | Depths:3 | Chiseanne: nice gz
 42884 | Depths:3 | vev: slime on orbrun again? madman
 42891 | Depths:3 | p0werm0de: yea and full zig too
 42905 | Depths:3 | varam: lol
 42915 | Depths:3 | p0werm0de: but thats why it worked i just had multiple high lvls
 42936 | Depths:3 | vev: yeah i know your hax ;p
 42936 | Depths:3 | p0werm0de: cblink, disjunction, tornado, borgnors
 42981 | Depths:3 | vev: !hs * teck -log
 42981 | Depths:3 | beem: 2396. p0werm0de, XL27 TeCK, T:56435: http://crawl.xtahua.com/crawl/morgue/p0werm0de/morgue-p0werm0de-20161101-032635.txt
 43009 | Depths:3 | varam: ok this class is OP cause huge melee power + op spell
 43056 | Depths:3 | varam: ben need good gameplay ^^
 43061 | Depths:3 | vev: hmm a question: do you think statue made 12 str viable?
 43061 | Depths:3 | p0werm0de: which?
 43072 | Depths:3 | varam: not for me
 43102 | Depths:3 | p0werm0de: yea and i also had a 6 slay ring
 43117 | Depths:3 | p0werm0de: dmg was really good
 43117 | Depths:3 | p0werm0de: better than the vampire with triple
 43217 | Depths:4 | p0werm0de: sure dmg is insane if you have 30 str at the same time
 43249 | Depths:4 | p0werm0de: but point of statue is to get 35+ ev and int too imo
 43252 | Depths:4 | vev: !lg p0werm0de Vp-- cl>15 x=str
 43254 | Depths:4 | beem: 10. [str=15] p0werm0de the Vampiric Blade (L27 VpWr of Makhleb), blasted by a shard shrike (shard of ice) on Coc:7 (coc_grunt_cove) on 2016-10-31 15:30:10, with 1058510 points after 101685 turns and 10:04:35.
 43254 | Depths:4 | p0werm0de: ... xD
 43288 | Depths:4 | varam: shard shrike is a pain
 43289 | Depths:4 | p0werm0de: 15 str alsoo not that much yea
 43289 | Depths:4 | varam: when they come by 4
 43295 | Depths:4 | p0werm0de: yep exactly that killed me
 43304 | Depths:4 | p0werm0de: chickened out too late
 43314 | Depths:4 | vev: ^^
 43402 | Depths:4 | Noticed Frederick
 43412 | Depths:4 | Killed Frederick
 43412 | Depths:4 | Received a gift from Trog
 43448 | Depths:4 | vev: T - ring "Ytzig" {Wiz Dex+2}
 43462 | Depths:4 | vev: ^ there you got your wizring ;S
 43477 | Depths:4 | p0werm0de: yea found it in slime 5 ;P
 43482 | Depths:4 | p0werm0de: very end
 43482 | Depths:4 | vev: on orbrun???
 43482 | Depths:4 | vev: wtf
 43482 | Depths:4 | p0werm0de: yep^^
 43486 | Depths:4 | p0werm0de: but had a blue before
 43492 | Depths:4 | vev: full zig and no better rings??
 43497 | Depths:4 | p0werm0de: i have good rings?
 43517 | Depths:4 | vev: so why use that?
 43532 | Depths:4 | vev: spells already very low
 43539 | Depths:4 | vev: (fail)
 43559 | Depths:4 | vev: just curious
 43564 | Depths:4 | p0werm0de: just because i have brilliance
 43573 | Depths:4 | vev: ah kk
 43574 | Depths:4 | p0werm0de: they were all at ~10 %
 43606 | Depths:4 | p0werm0de: i quaffed brilliance on danger zig lvls or when i needed safe cblink
 43627 | Depths:4 | vev: yeah forgot you buff before going out in the dangerous world
 43662 | Depths:4 | Reached XP level 22. HP: 212/212 MP: 21/21
 43697 | Depths:4 | Noticed a golden dragon
 43891 | Depths:4 | p0werm0de: yea dunno wiz rings are like the single best item in this game imo^^
 43896 | Depths:4 | p0werm0de: beccause hybrid playstyle is just so good
 43902 | Depths:4 | p0werm0de: for 15rune at least
 43905 | Depths:4 | p0werm0de: and if you ignore god
 43910 | Depths:4 | p0werm0de: thats why im really jealou of yours
 43914 | Depths:4 | vev: ^^
 43952 | Depths:4 | vev: I - ring "Sigyzateam" {Wiz *Contam MR- Int+7 Dex+9} (curse)
 44008 | Depths:4 | Noticed a juggernaut
 44010 | Depths:4 | p0werm0de: o - ring of Empow {Wiz rC++ Slay+5}
 44015 | Depths:4 | Noticed a juggernaut
 44016 | Depths:4 | Killed a juggernaut
 44017 | Depths:4 | Noticed a juggernaut
 44019 | Depths:4 | vev: hmm
 44024 | Depths:4 | Noticed a golden dragon
 44024 | Depths:4 | p0werm0de: h - ring of Elyvilon's Favour {Wiz MR+ Str+4 Slay+3
 44024 | Depths:4 | vev: wear both? ;P
 44024 | Depths:4 | p0werm0de: Z - ring "Mywk" {Wiz rPois rF+ MR+ MP+9}
 44027 | Depths:4 | p0werm0de: all of them on octopode
 44037 | Depths:4 | Killed a juggernaut
 44040 | Depths:4 | varam: lol
 44043 | Depths:4 | varam: wtf
 44048 | Depths:4 | Killed a juggernaut
 44050 | Depths:4 | vev: eh tornado with 8.5 AIR skill ;p
 44056 | Depths:4 | varam: wiz stack?
 44061 | Depths:4 | p0werm0de: S - ring of Feunwiud {Wiz rElec rF- rN+ Str+8}
 44062 | Depths:4 | Killed a golden dragon
 44078 | Depths:4 | p0werm0de: o - ring "Sokyrel" {Wiz Int+9}
 44083 | Depths:4 | p0werm0de: ;P
 44084 | Depths:4 | vev: same char?
 44085 | Depths:4 | p0werm0de: yea but dimnishing returns
 44089 | Depths:4 | varam: ok
 44093 | Depths:4 | p0werm0de: nope theyre like the best out of my morgues
 44112 | Depths:4 | p0werm0de: i put them in a tavern thread once
 44180 | Depths:4 | Noticed a caustic shrike
 44185 | Depths:4 | Killed a caustic shrike
 44189 | Depths:4 | p0werm0de: but yea can make sense if you wear heavy armor
 44214 | Depths:4 | p0werm0de: i once used double wiz with orange crystal plate char
 44222 | Depths:4 | p0werm0de: which also had wild magic
 44227 | Depths:4 | p0werm0de: then you need it for lvl 9 spells
 44229 | Depths:4 | Got a pitted plate armour
 44232 | Depths:4 | Received a gift from Trog
 44235 | Depths:4 | vev: ??ocp
 44237 | Depths:4 | beem: I don't have a page labeled ocp in my learndb. Did you mean: ocd, ocpa, ocs, op, opc, ops.
 44247 | Depths:4 | vev: ??ocd
 44247 | Depths:4 | beem: ocd[1/1]: i quit games all the time because if i overshoot x.0 on a skill and it will take a while to reach the next exact level on it i get really argh about it
 44257 | Depths:4 | p0werm0de: ??ocpa
 44258 | Depths:4 | beem: orange crystal plate armour[1/2]: An unrandart +8 crystal plate armour {Archmagi, Int+3 Clar SustAb}. You may have been looking for Octopode Paladin, though.
 44300 | Depths:4 | p0werm0de: lol ;P
 44302 | Depths:4 | vev: ;D
 44308 | Depths:4 | p0werm0de: last sentence
 44358 | Depths:4 | vev: yeah paladin was a class
 44371 | Depths:4 | Paralysed by a great orb of eyes for 3 turns
 44371 | Depths:4 | vev: i think?
 44375 | Depths:4 | vev: ??pa
 44376 | Depths:4 | beem: poison arrow[1/1]: Level 6, range 7 conj/poison spell (Annihilations exclusive), deals 70% resistable damage and poisons poison-resistant natural creatures; the undead cannot be poisoned but still take some damage. 4d53.75 damage at max power (but good luck getting 200 power). To-hit: 5+power/10.
 44379 | Depths:4 | p0werm0de: yea this armor is so op now
 44399 | Depths:4 | p0werm0de: sustatt is gone too besides from this one
 44405 | Depths:4 | vev: ??cr
 44407 | Depths:4 | beem: crusader[1/1]: A background removed in 0.9. Started with a weapon and a spellbook containing berserker rage, regeneration and haste.
 44428 | Depths:4 | p0werm0de: rly my favourite unrand probably
 44468 | Depths:4 | p0werm0de: ah k
 44486 | Depths:4 | p0werm0de: seems op
 44512 | Depths:5 | Entered Level 5 of the Depths
 44513 | Depths:5 | p0werm0de: xD
 44513 | Depths:5 | p0werm0de: berserk, regen, haste
 44514 | Depths:5 | Noticed a golden dragon
 44514 | Depths:5 | vev: i thought rod of heal wounds was your fav?
 44516 | Depths:5 | p0werm0de: game won before starting
 44522 | Depths:5 | p0werm0de: thats unrand? xD
 44522 | Depths:5 | vev: ;p
 44538 | Depths:5 | p0werm0de: http://crawl.chaosforge.org/List_of_unrands
 44547 | Depths:5 | Killed a golden dragon
 44581 | Depths:5 | p0werm0de: rod ? did that exist?
 44583 | Depths:5 | vev: is this up to date?
 44588 | Depths:5 | vev: nah just trolling you
 44588 | Depths:5 | p0werm0de: it says .18
 44590 | Depths:5 | p0werm0de: so mostly yes
 44611 | Depths:5 | Received a gift from Trog
 44649 | Depths:5 | p0werm0de: except for very recent stuff like fencers gloves
 44679 | Depths:5 | p0werm0de: armor of talos also doesnt exist imo
 44762 | Depths:5 | vev: +6, +6 Lehudib's crystal spear {return, Int+3}
 44777 | Depths:5 | vev: back when you could throw spears
 44889 | Depths:5 | p0werm0de: ^^
 44908 | Depths:5 | p0werm0de: robe of vines is also weaker now than on that page
 44924 | Depths:5 | p0werm0de: +2 and less regen
 44987 | Depths:5 | p0werm0de: hmm boots of the spider seems good ;P
 45002 | Depths:5 | p0werm0de: was it like ru jump
 45003 | Depths:5 | p0werm0de: ?
 45007 | Depths:5 | Paralysed by a great orb of eyes for 3 turns
 45012 | Depths:5 | vev: ??jump
 45012 | Depths:5 | beem: jump attack[1/2]: Removed in 0.16. Was gained from boots of jumping or the innate Felid mutation. Attacks a target at range, after choosing a random, safe landing site adjacent to the monster. Causes exhaustion, can't be used while exhausted, ensnared, or in water. The boots have range 4, the mutation has range 3,4,5 by level. You can't stab with jump-attack.
 45012 | Depths:5 | vev: dont recall
 45037 | Depths:5 | p0werm0de: ah k
 45041 | Depths:5 | vev: dith for wake
 45629 | D:15     | Identified the +6 plate armour "Uxanen" {rElec} (You found it on level 4 of the Depths)
 45699 | D:15     | Reached XP level 23. HP: 220/220 MP: 22/22
 45852 | Crypt:1  | Entered Level 1 of the Crypt
 45852 | Crypt:1  | Noticed Jory
 45857 | Crypt:1  | Killed Jory
 46057 | Crypt:2  | Noticed Boris
 46067 | Crypt:2  | Killed Boris
 46118 | Crypt:2  | Received a gift from Trog
 46136 | Crypt:2  | Chiseanne: seriously Trog? a ...longbow?
 46154 | Crypt:2  | p0werm0de: he wants you to drop that shield
 46164 | Crypt:2  | varam: shield is life
 46187 | Crypt:2  | p0werm0de: !stalk ololoev
 46193 | Crypt:2  | ololoev: yo guyz
 46200 | Crypt:2  | beem: ololoev the L14 DsBe^Trog in Swamp:1 (cxc tiles), T:7330, defenses: 20/14/0, stats: 27/10/12
 46205 | Crypt:2  | p0werm0de: hi
 46230 | Crypt:2  | vev: hey
 46241 | Crypt:2  | Got a transparent cloak
 46242 | Crypt:2  | ololoev: p0wer, I don't play currently
 46242 | Crypt:2  | Identified the +0 cloak of Maich {rC+ Str+3 Int+2} (You acquired it on level 2 of the Crypt)
 46243 | Crypt:2  | p0werm0de: k ;)
 46243 | Crypt:2  | ololoev: i'll wait fr tournament
 46243 | Crypt:2  | p0werm0de: your team is up for tourney?
 46243 | Crypt:2  | ololoev: no, but i'm gathering it up
 46244 | Crypt:2  | p0werm0de: kk cool
 46296 | Crypt:2  | ololoev: I want to get stronger team for this tournament because in 0.18 we was 4th
 46319 | Crypt:2  | p0werm0de: i know we were right behind you
 46329 | Crypt:2  | p0werm0de: ;P
 46373 | Crypt:3  | Entered Level 3 of the Crypt
 46398 | Crypt:3  | Noticed Mennas
 46419 | Crypt:3  | Killed Mennas
 46432 | Crypt:3  | ololoev: maybe I'll leave my team to put someone instead of me. Now I see 7-8 players in our community who will get more points than me
 46462 | Crypt:3  | ololoev: and fried elven asses will be full of casual players
 46489 | Crypt:3  | p0werm0de: so youre ambitous
 46542 | Crypt:3  | p0werm0de: well see how it works out. last time wasnt planned to get so high either
 46634 | Crypt:3  | p0werm0de: but usually we dont wanna pressure for points
 46693 | Crypt:3  | ololoev: last tournament showed that it is possible to get high. In 0.16 we were ~21 or so, in 0.17 we got 10th or 11th place
 46731 | Crypt:3  | ololoev: *score high reuslt
 46731 | Crypt:3  | vev: you *are* going to do orbrun tomb power...
 46756 | Crypt:3  | p0werm0de: eheh^^
 46764 | Crypt:3  | Found an ancient bone altar of Kikubaaqudgha.
 46774 | Crypt:3  | ololoev: get high is not an appropriate word here
 46781 | Crypt:3  | Received a gift from Trog
 46782 | Crypt:3  | p0werm0de: i missed .17 i think
 46798 | Crypt:3  | p0werm0de: .16 i played in a casual clan with just 4? players
 46818 | Crypt:3  | vev: i confirm it is possible to get high
 46824 | Crypt:3  | ololoev: lol
 46824 | Crypt:3  | p0werm0de: last was the only one where we had an active team of 6
 46834 | Crypt:3  | p0werm0de: which is required to get top 10 imo
 46866 | Crypt:3  | p0werm0de: xD
 46866 | Crypt:3  | ololoev: I'm not that good in English and can speak shit sometimes
 46894 | Crypt:3  | vev: yeah man, noone here has eng as their first lang
 46902 | Crypt:3  | ololoev: what I want to try at this tournament is Lord of Duckness III
 46955 | Crypt:3  | p0werm0de: thats getting 6 runes before going depths?
 46987 | Crypt:3  | p0werm0de: i did most of those last tourney
 47004 | Crypt:3  | ololoev: no, it's DUPZ/DUHZ-lite
 47083 | Crypt:3  | Received a gift from Trog
 47084 | Crypt:3  | ololoev: and yes, I forgot about 6 runes before depths, I don't have this banner
 47105 | Crypt:3  | ololoev: gonna try it too
 47112 | Crypt:3  | p0werm0de: ah yea this one is really har
 47112 | Crypt:3  | p0werm0de: d
 47112 | Crypt:3  | p0werm0de: didnt do that ;P
 47256 | Crypt:3  | ololoev: also there is sorta speedrunner's banner
 47279 | Crypt:3  | ololoev: for Ukulele
 47306 | Crypt:3  | ololoev: reach Geh:7 within 27k turns
 47336 | Crypt:3  | p0werm0de: nice
 47342 | Crypt:3  | p0werm0de: yea speedrun also can give pretty big points
 47344 | Crypt:3  | p0werm0de: if its a good one
 47377 | Crypt:3  | p0werm0de: i could now try for this. last time i had absolutely no clue ;P
 47399 | Crypt:3  | p0werm0de: realtime win under 2 hrs is also worth some
 47407 | Crypt:3  | Reached skill level 27 in Shields
 47415 | Crypt:3  | p0werm0de: the more the closer you get to 1hr
 47466 | Crypt:3  | Received a gift from Trog
 47478 | Crypt:3  | Found a staircase to the Tomb.
 47485 | Crypt:3  | p0werm0de: ah yea and vev i hope its obvious we expect a 10 streak of you
 47486 | Crypt:3  | ololoev: !lm . god=veh type=rune noun="iron rune"
 47486 | Crypt:3  | p0werm0de: ;)
 47486 | Crypt:3  | beem: No milestones for ololoev (god=veh type=rune noun='iron rune').
 47516 | Crypt:3  | ololoev: !lm . god=veh type=rune noun="iron"
 47547 | Crypt:3  | beem: 8. [2016-05-20 12:44:44] ololoev the Archmage (L27 DEIE of Vehumet) found an iron rune of Zot on turn 64891. (Dis:7)
 47547 | Crypt:3  | ololoev: I'm bad at streaks
 47547 | Crypt:3  | p0werm0de: yea me too
 47550 | Crypt:3  | p0werm0de: i got lucky once
 47553 | Crypt:3  | ololoev: they require a lot of patience
 47559 | Crypt:3  | p0werm0de: with 8 games
 47560 | Crypt:3  | Reached XP level 24. HP: 228/228 MP: 22/22
 47566 | Crypt:3  | p0werm0de: but rly wasnt mega paranoid playstyle
 47605 | Crypt:3  | ololoev: !lm . god=veh type=rune noun="iron" -log
 47610 | Crypt:3  | beem: ololoev, XL27 DEIE, T:69092: http://crawl.xtahua.com/crawl/morgue/ololoev/morgue-ololoev-20160520-131530.txt
 47626 | Crypt:3  | ololoev: !lm . god=veh type=rune noun="iron" -log -2
 47626 | Crypt:3  | beem: ololoev, XL27 DrFE, T:85477: http://crawl.xtahua.com/crawl/morgue/ololoev/morgue-ololoev-20160511-122441.txt
 47626 | Crypt:3  | p0werm0de: whats this?
 47631 | Crypt:3  | ololoev: I'm trying to get my avarice III game
 47633 | Crypt:3  | ololoev: and see how many turns passed before Dis:7
 47636 | Crypt:3  | ololoev: !lm . god=veh type=rune noun="iron" -log -3
 47637 | Crypt:3  | beem: ololoev, XL27 TeAE, T:91502: http://crawl.xtahua.com/crawl/morgue/ololoev/morgue-ololoev-20151117-115745.txt
 47661 | Crypt:3  | ololoev: !lm . god=veh type=rune noun="iron" -log -4
 47661 | Crypt:3  | beem: ololoev, XL27 DEFE, T:70606: http://crawl.xtahua.com/crawl/morgue/ololoev/morgue-ololoev-20151110-080131.txt
 47706 | Crypt:2  | ololoev: 46k
 47836 | Vaults:2 | ololoev: Uska's badge states that you should reach Geh:7 in 27k
 47953 | Vaults:5 | Entered Level 5 of the Vaults
 47960 | Vaults:5 | Received a gift from Trog
 47962 | Vaults:5 | p0werm0de: yay vaults 5 action
 47962 | Vaults:5 | ololoev: what I can't get about tournament is why don't we have +25 or +50 points for Lorekeeper: III
 47963 | Vaults:5 | p0werm0de: yea avarice and lord of darkness seem hard
 47963 | Vaults:5 | vev: eh 10streak is uberhard?
 47965 | Vaults:5 | p0werm0de: xD
 47976 | Vaults:5 | Noticed an ancient lich
 47977 | Vaults:5 | Noticed an ancient lich
 47979 | Vaults:5 | vev: will try for 3 tho ;p
 47984 | Vaults:5 | Killed an ancient lich
 47991 | Vaults:5 | Received a gift from Trog
 48058 | Vaults:5 | p0werm0de: yea me too
 48080 | Vaults:5 | p0werm0de: hm lorekeeper 3 also hard yep^^
 48093 | Vaults:5 | p0werm0de: esp now with Ctele changes in zot
 48099 | Vaults:5 | vev: ??lorekeeper
 48101 | Vaults:5 | beem: I don't have a page labeled lorekeeper in my learndb.
 48105 | Vaults:5 | vev: ??banners
 48106 | Vaults:5 | beem: I don't have a page labeled banners in my learndb.
 48149 | Vaults:5 | ololoev: http://dobrazupa.org/tournament/0.19/#banners
 48149 | Vaults:5 | vev: thanks
 48189 | Vaults:5 | Got a translucent broad axe
 48190 | Vaults:5 | Identified the +8 broad axe of Fate {chop, rN+} (You found it on level 5 of the Vaults)
 48191 | Vaults:5 | Chiseanne: finally
 48191 | Vaults:5 | ololoev: LoD II should be easy: you pick up MiFi^TSO and go to abyss until you are strong enough for depths and hellpans
 48206 | Vaults:5 | p0werm0de: yea maybe
 48211 | Vaults:5 | vev: DESCENT INTO MADNESS III: Leave a ziggurat from its lowest floor. <- means zig:1 right?
 48214 | Vaults:5 | p0werm0de: xD
 48219 | Vaults:5 | ololoev: lol
 48219 | Vaults:5 | p0werm0de: yea ofc
 48234 | Vaults:5 | ololoev: r u strong enough to survive zig:1
 48249 | Vaults:5 | vev: hmm, just go zin, sanc and leave
 48268 | Vaults:5 | vev: or corrupt with lugonu
 48272 | Vaults:5 | p0werm0de: yeye cheater gods zin and tso
 48274 | Vaults:5 | Received a gift from Trog
 48284 | Vaults:5 | p0werm0de: esp zin tho
 48285 | Vaults:5 | p0werm0de: yea but good thing to look at the banners again
 48307 | Vaults:5 | p0werm0de: last time i didnt have a clue until mid tourney
 48329 | Vaults:5 | p0werm0de: now halfway only
 48335 | Vaults:5 | Reached skill level 10 in Axes
 48345 | Vaults:5 | Received a gift from Trog
 48359 | Vaults:5 | ololoev: the worst point is that banners are always the same
 48381 | Vaults:5 | ololoev: and it becomes lame to do it again and again
 48406 | Vaults:5 | Killed an ancient lich
 48407 | Vaults:5 | p0werm0de: yea true but i havent done some at least
 48416 | Vaults:5 | p0werm0de: worst is kill 72 uniques ;P
 48424 | Vaults:5 | ololoev: yep
 48426 | Vaults:5 | p0werm0de: unless you play very much
 48433 | Vaults:5 | Noticed an ancient lich
 48436 | Vaults:5 | vev: like you don't ...
 48436 | Vaults:5 | Cast into level 5 of the Abyss (an ancient lich)
 48436 | Abyss:5  | Entered Level 5 of the Abyss
 48437 | Abyss:5  | p0werm0de: ;)
 48437 | Abyss:5  | vev: ;p
 48437 | Abyss:5  | Chiseanne: yay free ride
 48437 | Abyss:5  | Chiseanne: :D
 48437 | Abyss:5  | Chiseanne: now lets see if we can find the rune
 48437 | Abyss:5  | ololoev: for me, Vow of courage III, Lorekeeper III are the last
 48437 | Abyss:5  | vev: also marked
 48437 | Abyss:5  | p0werm0de: abyss 5. marked
 48437 | Abyss:5  | p0werm0de: xD
 48437 | Abyss:5  | p0werm0de: rip
 48447 | Abyss:5  | vev: tele wand??
 48448 | Abyss:5  | Found a corrupted altar of Lugonu.
 48453 | Abyss:5  | ololoev: lol why wand?
 48456 | Abyss:5  | p0werm0de: i would cancellation
 48459 | Abyss:5  | ololoev: just go for abyssmal rne
 48467 | Abyss:5  | Gained mutation: Your magical capacity is low. (-10% MP) [a neqoxec]
 48490 | Abyss:5  | ololoev: ths character is more than capable of doing it
 48491 | Abyss:5  | ReniFell: is it really to get lord of darkness III
 48502 | Abyss:5  | ololoev: call bros
 48519 | Abyss:5  | p0werm0de: well mark can be quite nasty here
 48566 | Vaults:5 | Escaped the Abyss
 48566 | Vaults:5 | Chiseanne: on a second thought
 48566 | Vaults:5 | Chiseanne: ...
 48745 | Vaults:5 | Received a gift from Trog
 48756 | Vaults:5 | Reached XP level 25. HP: 235/235 MP: 19/19
 48771 | Vaults:5 | Got a transparent shield
 48772 | Vaults:5 | Identified the +4 shield of Altruism {Str+5 Slay-2} (You acquired it on level 5 of the Vaults)
 48783 | Vaults:5 | ololoev: Heni Reni
 48798 | Vaults:5 | ReniFell: no rly
 48799 | Vaults:5 | ReniFell: ReniFell: is it real to get lord of darkness III
 48800 | Vaults:5 | Reached XP level 26. HP: 244/244 MP: 19/19
 48803 | Vaults:5 | Got a transparent pewter ring
 48809 | Vaults:5 | p0werm0de: yea sure
 48832 | Vaults:5 | ololoev: ??duhzwin[2
 48833 | Vaults:5 | beem: duhzwin ~ dupzwin ~ dupz[2/3]: to check wins see !dupzwin, challenge conceived by DrKe, command by miek the botlord
 48839 | Vaults:5 | ololoev: ??duhzwin[3
 48843 | Vaults:5 | beem: duhzwin ~ dupzwin ~ dupz[3/3]: DUPZ winners: jeanjacques (DEFi^TSO), Tartakower (HOBe^Trog), Doesnt (FoAs^Chei), koboldina (DsFi^Ru)
 48855 | Vaults:5 | p0werm0de: only 5 ppl did it last time though
 48869 | Vaults:5 | p0werm0de: its hard for sure
 48879 | Vaults:5 | ololoev: ??duhz[3
 48880 | Vaults:5 | beem: duhz[3/4]: DUHZ winners: ldf (VSBe^Trog), bsdbeard (MfBe^Trog), mibe (HOGl^TSO), koboldina (MuGl^Gozag), hellmonk (FoFi^Zin), ololoev(HoFi^TSO)
 48910 | Vaults:5 | ololoev: Lord of Darkness III is a light version of dupz or duhz
 48910 | Vaults:5 | ReniFell: lol
 48910 | Vaults:5 | ololoev: so I'd say it is very possible!
 48915 | Vaults:5 | Identified the ring "Juyrir" {*Tele rPois MP+9 Str+4} (You took it off an ironheart preserver on level 5 of the Vaults)
 48916 | Vaults:5 | incide: branchless is hard af
 49050 | Vaults:5 | incide: безветочный тяжел как ёб
 49052 | Vaults:5 | ololoev: incide but you can go zin or TSO and dive to Abyss as soon as you find it in Depths
 49056 | Vaults:5 | Got fine fire dragon scales
 49057 | Vaults:5 | Identified the cursed +1 fire dragon scales "Uhof" {-Cast +Fly rF++ rC- MP+9 Dex+4} (You found it on level 5 of the Vaults)
 49066 | Vaults:5 | ReniFell: natures ally III looks like real fun :D
 49071 | Vaults:5 | ololoev: incide is trying to become slovinski
 49074 | Vaults:5 | incide: ye i remember your attempt
 49084 | Vaults:5 | Received a gift from Trog
 49103 | Vaults:5 | incide: which ended with a triple hellfire and hunger dancing in fucking gehenna
 49112 | Vaults:5 | ololoev: aaah that was super fun!
 49114 | Vaults:5 | p0werm0de: souns fun
 49115 | Vaults:5 | Reached skill level 15 in Axes
 49120 | Vaults:5 | ololoev: from all my 3k game it was the best
 49207 | Vaults:5 | ololoev: got shatter castable, but it cost me a lot of ###s of food
 49208 | Vaults:5 | incide: the best thing for branchless is probably spen
 49250 | Vaults:5 | ololoev: went to Geh for food
 49260 | Vaults:5 | ololoev: from hell knights
 49271 | Vaults:5 | p0werm0de: i guess a summoner might also work to get started in depths at least
 49296 | Vaults:5 | ololoev: incide, I also tried to do this as spen
 49309 | Vaults:5 | ololoev: but it was hard
 49309 | Vaults:5 | Killed an ancient lich
 49318 | Vaults:5 | ololoev: spen has too low HP
 49333 | Vaults:5 | Got a silver rune of Zot
 49384 | Vaults:5 | ololoev: I managed to clear D and U, went to pan and faced balrug there
 49412 | Vaults:5 | ololoev: he just smited me to death
 49429 | Vaults:5 | ololoev: !lg . sp-- place=pan -log
 49429 | Vaults:5 | beem: 1. ololoev, XL18 SpEn, T:37837: http://crawl.xtahua.com/crawl/morgue/ololoev/morgue-ololoev-20160526-142459.txt
 49429 | Vaults:5 | ololoev: 88hp
 49429 | Vaults:5 | ololoev: in pan
 49429 | Vaults:5 | ololoev: will die from almost everything
 49458 | Vaults:4 | p0werm0de: yep
 49566 | Vaults:1 | ololoev: 2 hellions can kill me in 1 turn
 49791 | Zig:1    | Entered Level 1 of a ziggurat
 49808 | Zig:2    | Entered Level 2 of a ziggurat
 49829 | Zig:3    | Entered Level 3 of a ziggurat
 49838 | Zig:3    | Received a gift from Trog
 50053 | Zig:4    | Entered Level 4 of a ziggurat
 50057 | Zig:4    | Paralysed by a floating eye for 4 turns
 50091 | Zig:4    | Got a warped plate armour
 50092 | Zig:4    | Identified the +9 plate armour of the Foremost Ships {rC- Dex+4} (You found it on level 4 of a ziggurat)
 50098 | Zig:5    | Entered Level 5 of a ziggurat
 50139 | Zig:6    | Entered Level 6 of a ziggurat
 50197 | Zig:7    | Entered Level 7 of a ziggurat
 50209 | Zig:7    | ololoev: ready for jug?
 50215 | Zig:7    | ololoev: no jugs
 50227 | Zig:7    | p0werm0de: berserke jugs are fun
 50237 | Zig:7    | Got a sparkling iron ring
 50238 | Zig:7    | p0werm0de: but i miss .17 jugs
 50238 | Zig:7    | Identified the ring of the Tick {rF+ rC+ Str-4 Dex+3 SInv} (You found it on level 7 of a ziggurat)
 50242 | Zig:7    | vev: and iron giants in depths ;S
 50246 | Zig:7    | Got a brightly glowing granite ring
 50247 | Zig:7    | p0werm0de: are they removed?
 50247 | Zig:7    | Identified the ring of Orthodoxy {rElec rPois rF- Str+4 Stlth+} (You found it on level 7 of a ziggurat)
 50248 | Zig:7    | ololoev: they reside in Dis only
 50250 | Zig:7    | p0werm0de: they also got nerfed too hard imo
 50254 | Zig:7    | vev: yeah only polymorphed appear now
 50257 | Zig:7    | p0werm0de: theyre pushovers now
 50259 | Zig:7    | ololoev: also you can get one as a shakeshifter
 50259 | Zig:7    | p0werm0de: kk
 50259 | Zig:7    | Reached XP level 27. HP: 249/249 MP: 19/19
 50260 | Zig:7    | vev: yeah shapeshifter, thats what i ment ;p
 50260 | Zig:7    | Reached skill level 10 in Throwing
 50261 | Zig:7    | ololoev: I am waiting for munny floor
 50262 | Zig:7    | ololoev: *mummy
 50262 | Zig:7    | p0werm0de: at lvl <10 theyre not rly danger
 50262 | Zig:7    | p0werm0de: panlords more
 50262 | Zig:7    | ololoev: dont say so
 50262 | Zig:7    | ololoev: !lg . place=zig -log
 50263 | Zig:7    | beem: 13. ololoev, XL18 DsBe, T:12377: http://crawl.xtahua.com/crawl/morgue/ololoev/morgue-ololoev-20160728-141938.txt
 50265 | Zig:8    | Entered Level 8 of a ziggurat
 50269 | Zig:8    | p0werm0de: you can blink out at least
 50277 | Zig:8    | p0werm0de: while panloords can smash you in 2 turns if unlucky
 50282 | Zig:8    | ololoev: ahaha
 50292 | Zig:8    | Noticed a greater mummy
 50295 | Zig:8    | p0werm0de: use fog
 50297 | Zig:8    | p0werm0de: to get less torment
 50309 | Zig:8    | p0werm0de: and regen from start
 50312 | Zig:8    | Lost intelligence.
 50317 | Zig:8    | Killed a greater mummy
 50323 | Zig:8    | p0werm0de: brainless yea ok didnt think about that
 50326 | Zig:8    | p0werm0de: never play low int ;P
 50329 | Zig:8    | Chiseanne: haha
 50329 | Zig:8    | Chiseanne: I tried to employ a mino from the university right away
 50330 | Zig:8    | ololoev: ^f Int+
 50340 | Zig:8    | vev: lol
 50345 | Zig:8    | p0werm0de: ;P
 50349 | Zig:8    | Got a twisted dagger
 50350 | Zig:8    | Identified the +8 dagger of Exhibitionism {protect, MR+} (You found it on level 8 of a ziggurat)
 50354 | Zig:8    | Got a slimy hand axe
 50355 | Zig:8    | Identified the +9 hand axe of Caupn {drain, Dex+5} (You found it on level 8 of a ziggurat)
 50355 | Zig:8    | Lost intelligence.
 50360 | Zig:8    | Chiseanne: meh ..for how long does that last?
 50360 | Zig:8    | ololoev: !brils are really useful as a troghite
 50360 | Zig:8    | p0werm0de: you need to gain xp to get rid of it
 50360 | Zig:8    | Chiseanne: damn
 50360 | Zig:8    | ololoev: CHiseanne you should kill guys to regain your Int
 50360 | Zig:8    | p0werm0de: or wear some + int item
 50360 | Zig:8    | Chiseanne: I tried
 50368 | Zig:8    | ololoev: just ^f Int+
 50376 | Zig:9    | Entered Level 9 of a ziggurat
 50377 | Zig:9    | p0werm0de: youll get slowed again when brill runs out
 50378 | Zig:9    | ololoev: lol he go down!
 50378 | Zig:9    | p0werm0de: lol
 50379 | Zig:9    | p0werm0de: ^^
 50380 | Zig:9    | ololoev: suicide!
 50384 | Zig:9    | ololoev: but why?
 50390 | Zig:9    | p0werm0de: run left
 50390 | Zig:9    | Chiseanne: great
 50391 | Zig:9    | p0werm0de: then use fog, regen
 50393 | Zig:9    | p0werm0de: dang
 50398 | Zig:9    | ololoev: what the heck he is doing?
 50398 | Zig:9    | ololoev: # pls
 50398 | Zig:9    | Chiseanne: forgot..how does that work again?
 50408 | Zig:9    | p0werm0de: yea perfect
 50412 | Zig:9    | p0werm0de: &dump chiseanne
 50412 | Zig:9    | beem: http://CRAWL.XTAHUA.COM/crawl/morgue/Chiseanne/Chiseanne.txt
 50412 | Zig:9    | Lost intelligence.
 50422 | Zig:9    | vev: still -1 int
 50422 | Zig:9    | Chiseanne: aye
 50437 | Zig:9    | vev: causion
 50446 | Zig:9    | Got a scorched dagger
 50447 | Zig:9    | Identified the +3 dagger of Resourcefulness {freeze, rElec rC+} (You found it on level 9 of a ziggurat)
 50449 | Zig:9    | ololoev: why do you take all that daggers?
 50449 | Zig:9    | vev: ^f int was a good suggestion
 50449 | Zig:9    | Chiseanne: trying to find an int item
 50453 | Zig:9    | Lost intelligence.
 50467 | Zig:9    | ololoev: you wo'nt fight with dagger because it has int, right?
 50478 | Zig:10   | Entered Level 10 of a ziggurat
 50489 | Zig:10   | ololoev: chaos
 50490 | Zig:10   | Noticed Umpozej the pandemonium lord
 50490 | Zig:10   | ololoev: okay okay
 50517 | Zig:10   | vev: 0 int
 50517 | Zig:10   | p0werm0de: maybe use might too
 50517 | Zig:10   | p0werm0de: if you have
 50529 | Zig:10   | vev: 1 int
 50529 | Zig:10   | Chiseanne: ok thats better now
 50529 | Zig:10   | Killed Umpozej the pandemonium lord
 50591 | Zig:10   | p0werm0de: shields maxed but not ev ;P
 50596 | Zig:10   | vev: maybe title?
 50596 | Zig:10   | p0werm0de: ah yea kk
 50596 | Zig:10   | ololoev: !lg . won title="luminary of lethal lore"
 50596 | Zig:10   | Chiseanne: nah I wanted to have as much reflect damage as possible
 50596 | Zig:10   | beem: 1. ololoev the Luminary of Lethal Lore (L27 GrGl of Vehumet), escaped with the Orb and 15 runes on 2015-10-30 12:29:48, with 13853021 points after 115523 turns and 8:03:54.
 50833 | Zig:10   | ololoev: good title
 50833 | Zig:10   | vev: how do you get it?
 50833 | Zig:10   | ololoev: invo Veh title
 50834 | Zig:11   | Entered Level 11 of a ziggurat
 50835 | Zig:11   | p0werm0de: ^^
 50842 | Zig:11   | vev: ;D
 50969 | Zig:11   | Received a gift from Trog
 50984 | Zig:11   | ololoev: do u have ?immo?
 51018 | Zig:11   | Chiseanne: nope
 51018 | Zig:11   | Chiseanne: had excactly 1..wich I used in V5
 51023 | Zig:11   | Got a flickering silver amulet
 51024 | Zig:11   | Identified the amulet of the Madman {Gourm rN+} (You found it on level 11 of a ziggurat)
 51040 | Zig:11   | Got a dazzling plate armour
 51041 | Zig:11   | Identified the +0 plate armour of the Ban {rElec Str-4 Dex-4 Stlth+} (You found it on level 11 of a ziggurat)
 51300 | Zig:12   | Entered Level 12 of a ziggurat
 51320 | Zig:12   | Noticed an ancient lich
 51337 | Zig:12   | ololoev: have any ?HW
 51352 | Zig:12   | Killed an ancient lich
 51355 | Zig:12   | Received a gift from Trog
 51639 | Zig:12   | Got a smoking ruby amulet
 51653 | Zig:12   | Identified the amulet of the Blind Eye {Inacc Fragile rElec Str+4 Int+4} (You found it on level 12 of a ziggurat)
 51657 | Zig:13   | Entered Level 13 of a ziggurat
 51670 | Zig:13   | p0werm0de: murphy at 9,5k turns in snake 4 with DeCj ;P
 51856 | Zig:13   | Received a gift from Trog
 51891 | Zig:14   | Entered Level 14 of a ziggurat
 51998 | Zig:14   | Identified a +3 rod of ignition (14/14) (You found it on level 14 of a ziggurat)
 52004 | Zig:15   | Entered Level 15 of a ziggurat
 52037 | Zig:15   | Received a gift from Trog
 52084 | Zig:15   | Got a distressingly furry scale mail
 52095 | Zig:15   | Identified the +3 scale mail of Uskayaw's Indignation {MR+ Int+3} (You found it on level 15 of a ziggurat)
 52283 | Zig:16   | Entered Level 16 of a ziggurat
 52327 | Zig:16   | Received a gift from Trog
 52385 | Zig:16   | Identified a +1 pair of boots of running (You found it on level 16 of a ziggurat)
 52390 | Zig:16   | Identified a +9 rod of shadows (9/9) (You found it on level 16 of a ziggurat)
 52397 | Zig:17   | Entered Level 17 of a ziggurat
 52487 | Zig:17   | Noticed an ancient lich
 52488 | Zig:17   | Noticed an ancient lich
 52492 | Zig:17   | Noticed an ancient lich
 52498 | Zig:17   | Killed an ancient lich
 52499 | Zig:17   | Killed an ancient lich
 52502 | Zig:17   | Killed an ancient lich
 52511 | Zig:17   | Received a gift from Trog
 52570 | Zig:17   | Identified a +4 rod of clouds (13/13) (You found it on level 17 of a ziggurat)
 52578 | Zig:17   | Identified a +4 rod of inaccuracy (12/12) (You found it on level 17 of a ziggurat)
 52642 | Zig:18   | Entered Level 18 of a ziggurat
 52649 | Zig:18   | Got an ancient large shield
 52661 | Zig:18   | Identified the +0 large shield "Yroixot" {rN+} (You acquired it on level 18 of a ziggurat)
 52787 | Zig:18   | Received a gift from Trog
 52794 | Zig:18   | Reached skill level 15 in Throwing
 52803 | Zig:18   | Got a scorched chain mail
 52814 | Zig:18   | Identified the cursed +1 chain mail "Giesk" {rPois Stlth+} (You found it on level 18 of a ziggurat)
 52830 | Zig:18   | Got a dazzling flail
 52837 | Zig:19   | Entered Level 19 of a ziggurat
 52860 | Zig:19   | Reached skill level 1 in Long Blades
 52906 | Zig:19   | Reached skill level 5 in Long Blades
 52919 | Zig:19   | Received a gift from Trog
 52925 | Zig:19   | varam: zerk available
 52925 | Zig:19   | Chiseanne: I know
 52927 | Zig:19   | varam: too low hp?
 53402 | Zig:19   | Got a scintillating tin ring
 53413 | Zig:19   | Identified the cursed ring "Ten Voko" {+Blink rN+ Dex-6 Slay+4} (You found it on level 19 of a ziggurat)
 53474 | Zig:20   | Entered Level 20 of a ziggurat
 53494 | Zig:20   | Noticed a juggernaut
 53507 | Zig:20   | Noticed a juggernaut
 53510 | Zig:20   | Killed a juggernaut
 53516 | Zig:20   | Reached skill level 10 in Long Blades
 53529 | Zig:20   | Killed a juggernaut
 53538 | Zig:20   | Received a gift from Trog
 53572 | Zig:20   | ololoev: btw if you manage to deal with this analogue of Trog wrath, why dont switch to Makh or TSO?
 53573 | Zig:20   | Chiseanne: I dunno..Im fine I guess ;-)
 53588 | Zig:20   | p0werm0de: those spear gifts are too good
 53590 | Zig:20   | Chiseanne: aye..togehter with the needle gifts its awesome!
 53593 | Zig:20   | Identified the +9 flail "Transmigrator" {flame, *Rage rElec rPois Str+5} (You found it on level 18 of a ziggurat)
 53609 | Zig:20   | Got a glittering pewter amulet
 53614 | Zig:20   | Identified the amulet "Lielil" {RegenMP rN+ Int+5 Slay+5} (You found it on level 20 of a ziggurat)
 53615 | Zig:20   | Chiseanne: hmm
 53615 | Zig:20   | Chiseanne: loose refkect for +5 slay
 53615 | Zig:20   | Chiseanne: and not to forget about the manaregen ;-)
 53619 | Depths:2 | p0werm0de: ^^
 53619 | Depths:2 | p0werm0de: yea def worth it
 53687 | Pan      | Entered Pandemonium
 53699 | Pan      | Found an exit through the horrors of the Abyss.
 53763 | Pan      | Noticed Hiffee the pandemonium lord
 53780 | Pan      | Killed Hiffee the pandemonium lord
 53825 | Pan      | Reached skill level 27 in Dodging
 53980 | Pan      | Found an exit through the horrors of the Abyss.
 53993 | Pan      | Took an exit into the Abyss.
 53993 | Abyss:1  | Escaped into the Abyss
 54174 | Abyss:1  | Paralysed by accursed screaming for 1 turns
 54487 | Abyss:1  | Received a gift from Trog
 54975 | Abyss:3  | Gained mutation: You are clumsy. (Dex -2) [a neqoxec]
 54987 | Abyss:3  | Paralysed by accursed screaming for 1 turns
 54988 | Abyss:3  | Lost intelligence.
 55111 | Abyss:4  | Lost intelligence.
 55148 | Abyss:4  | Received a gift from Trog
 55325 | Abyss:4  | Paralysed by accursed screaming for 2 turns
 55328 | Abyss:4  | Paralysed by accursed screaming for 2 turns
 55333 | Abyss:4  | Received a gift from Trog
 55338 | Abyss:4  | Paralysed by accursed screaming for 1 turns
 55348 | Abyss:4  | Gained mutation: You occasionally shout uncontrollably at your foes. [a neqoxec]
 55414 | Abyss:5  | Entered Level 5 of the Abyss
 55475 | Abyss:5  | Received a gift from Trog
 55587 | Abyss:5  | Received a gift from Trog
 55651 | Abyss:5  | Found a corrupted altar of Lugonu.
 55653 | Abyss:5  | Received a gift from Trog
 55655 | Abyss:5  | Paralysed by accursed screaming for 1 turns
 55760 | Abyss:5  | Received a gift from Trog
 55819 | Abyss:5  | Got an abyssal rune of Zot
 55837 | Depths:2 | Escaped the Abyss
 55843 | Depths:2 | Reached skill level 27 in Armour
 56123 | Depths:2 | Chiseanne: ok I need a break before I mess this up
 56229 | D:15     | Lost mutation: You occasionally shout uncontrollably at your foes. [potion of cure mutation]
 56229 | D:15     | Lost mutation: You are clumsy. (Dex -2) [potion of cure mutation]
 56229 | D:15     | Lost mutation: Your magical capacity is low. (-10% MP) [potion of cure mutation]
 56319 | Pan      | Entered Pandemonium
 56486 | Pan      | Noticed Hixtaske the pandemonium lord
 56505 | Pan      | Killed Hixtaske the pandemonium lord
 56505 | Pan      | Received a gift from Trog
 56631 | Pan      | Found an exit through the horrors of the Abyss.
 57160 | Pan      | Noticed Jaiq the pandemonium lord
 57198 | Pan      | Killed Jaiq the pandemonium lord
 57320 | Pan      | Received a gift from Trog
 57595 | Pan      | Got a demonic rune of Zot
 57625 | Pan      | Found an exit through the horrors of the Abyss.
 57806 | Pan      | Noticed Pisk the pandemonium lord
 58054 | Pan      | Received a gift from Trog
 58798 | Pan      | Found a huge runed gate.
 58888 | Pan      | Noticed Peutaer the pandemonium lord
 58899 | Pan      | Killed Peutaer the pandemonium lord
 59023 | Pan      | Found an exit through the horrors of the Abyss.
 59065 | Pan      | Gained mutation: You expend magic power (3 MP) to strengthen your wands. [a neqoxec]
 59164 | Pan      | Found an exit through the horrors of the Abyss.
 59179 | Pan      | Entered the realm of Mnoleg.
 59220 | Pan      | Found an exit through the horrors of the Abyss.
 59253 | Pan      | Gained mutation: You tend to lose your temper in combat. [a neqoxec]
 59259 | Pan      | Gained mutation: You often lose your temper in combat. [a neqoxec]
 59314 | Pan      | Gained mutation: You are weak. (Str -2) [a cacodemon]
 59321 | Pan      | Gained mutation: You are robust. (+10% HP) [a neqoxec]
 59332 | Pan      | Received a gift from Trog
 59339 | Pan      | Gained mutation: Your spells are a little easier to cast, but a little less powerful. [a neqoxec]
 59380 | Pan      | Noticed Mnoleg
 59385 | Pan      | Lost mutation: You are robust. (+10% HP) [a cacodemon]
 59409 | Pan      | Killed Mnoleg
 59447 | Pan      | Got a glowing rune of Zot
 59488 | Pan      | Gained mutation: Your magical capacity is low. (-10% MP) [a cacodemon]
 59778 | Pan      | Lost mutation: You expend magic power (3 MP) to strengthen your wands. [potion of cure mutation]
 59778 | Pan      | Lost mutation: You often lose your temper in combat. [potion of cure mutation]
 59778 | Pan      | Lost mutation: Your magical capacity is low. (-10% MP) [potion of cure mutation]
 59778 | Pan      | Lost mutation: You are weak. (Str -2) [potion of cure mutation]
 59778 | Pan      | Lost mutation: You tend to lose your temper in combat. [potion of cure mutation]
 59803 | Pan      | Noticed Eropuvar the pandemonium lord
 59849 | Pan      | Found an exit through the horrors of the Abyss.
 60351 | Pan      | Found a runed door.
 60574 | Pan      | Reached skill level 27 in Fighting
 60726 | Pan      | Received a gift from Trog
 60739 | Pan      | Entered the realm of Lom Lobon.
 60757 | Pan      | Found an exit through the horrors of the Abyss.
 60897 | Pan      | Received a gift from Trog
 60966 | Pan      | Received a gift from Trog
 61046 | Pan      | Noticed Lom Lobon
 61068 | Pan      | Killed Lom Lobon
 61110 | Pan      | Got a magical rune of Zot
 61178 | Pan      | Received a gift from Trog
 61307 | Pan      | Gained mutation: You are partially covered in slimy green scales. (AC +2) [a neqoxec]
 61308 | Pan      | Gained mutation: You are dopey. (Int -2) [a neqoxec]
 61495 | Pan      | Noticed Daus the pandemonium lord
 61583 | Pan      | Got a fine granite ring
 61589 | Pan      | Identified the ring of Soufiac {rN+ EV+1 Int+2 Dex+2} (You found it in Pandemonium)
 61619 | Pan      | Entered the realm of Cerebov.
 61746 | Pan      | Received a gift from Trog
 61833 | Pan      | Noticed Cerebov
 61882 | Pan      | Gained mutation: You are resistant to electric shocks. (rElec) [a cacodemon]
 61909 | Pan      | Killed Cerebov
 62122 | Pan      | Got a faintly humming large shield
 62123 | Pan      | Identified the cursed -1 large shield "Taethril" {rElec rC++ MR+ Str-4} (You took it off a balrug in Pandemonium)
 62145 | Pan      | Got a steaming ring mail
 62146 | Pan      | Identified the +6 ring mail of Context {Int+4 SInv Stlth+} (You found it in Pandemonium)
 62170 | Pan      | Got a fiery rune of Zot
 62263 | Pan      | Received a gift from Trog
 62281 | Pan      | Found an exit through the horrors of the Abyss.
 62376 | Pan      | Noticed Viawedd the pandemonium lord
 62440 | Pan      | Noticed Sawny the pandemonium lord
 62449 | Pan      | Killed Sawny the pandemonium lord
 62560 | Pan      | Noticed Kaumait the pandemonium lord
 62681 | Pan      | Found an exit through the horrors of the Abyss.
 62747 | Pan      | Killed Kaumait the pandemonium lord
 62814 | Pan      | Found an exit through the horrors of the Abyss.
 62876 | Pan      | Received a gift from Trog
 62904 | Pan      | Noticed Reryb the pandemonium lord
 62911 | Pan      | Gained mutation: Your magical capacity is low. (-10% MP) [a cacodemon]
 62915 | Pan      | Gained mutation: You are weak. (Str -2) [a neqoxec]
 62917 | Pan      | Gained mutation: You are clumsy. (Dex -2) [a neqoxec]
 62984 | Pan      | Found an exit through the horrors of the Abyss.
 63018 | Pan      | Found an exit through the horrors of the Abyss.
 63124 | Pan      | Noticed Haitrut the pandemonium lord
 63135 | Pan      | Killed Haitrut the pandemonium lord
 63269 | Pan      | Found an exit through the horrors of the Abyss.
 63631 | Pan      | Got a glittering golden ring
 63632 | Pan      | Identified the ring of Orutueq {rN+ MP+9 Dex+2 Stlth+} (You found it in Pandemonium)
 63635 | Pan      | Noticed Bohigunt the pandemonium lord
 63821 | Pan      | Received a gift from Trog
 63875 | Pan      | Found an exit through the horrors of the Abyss.
 63896 | Pan      | Noticed Bol Eshre the pandemonium lord
 64349 | Pan      | Got a smoking large shield
 64351 | Pan      | Identified the +0 large shield of Pleasant Breezes {rC+} (You took it off a daeva in Pandemonium)
 64398 | Pan      | Found a glowing silver altar of Zin.
 64972 | Pan      | Received a gift from Trog
 65007 | Pan      | Found a glowing golden altar of the Shining One.
 65008 | Pan      | Noticed a seraph
 65020 | Pan      | Killed a seraph
 65042 | Pan      | Identified the Grimoire of Torrid Envenoming
 65447 | Pan      | Found a white marble altar of Elyvilon.
 65609 | Pan      | Received a gift from Trog
 65786 | Pan      | Got a wavering platinum amulet
 65787 | Pan      | Identified the amulet of Dithmenos's Esteem {Harm *Drain rF+ rN+ Str+2 Slay+2} (You found it in Pandemonium)
 66046 | Pan      | Entered the realm of Gloorx Vloq.
 66059 | Pan      | Lost mutation: You are resistant to electric shocks. (rElec) [potion of cure mutation]
 66059 | Pan      | Lost mutation: You are partially covered in slimy green scales. (AC +2) [potion of cure mutation]
 66059 | Pan      | Lost mutation: You are weak. (Str -2) [potion of cure mutation]
 66059 | Pan      | Lost mutation: Your spells are a little easier to cast, but a little less powerful. [potion of cure mutation]
 66059 | Pan      | Lost mutation: You are clumsy. (Dex -2) [potion of cure mutation]
 66122 | Pan      | Received a gift from Trog
 66222 | Pan      | Received a gift from Trog
 66310 | Pan      | Noticed Gloorx Vloq
 67078 | Pan      | Found an exit through the horrors of the Abyss.
 67280 | Pan      | Killed Gloorx Vloq
 67295 | Pan      | Got a dark rune of Zot
 67557 | Pan      | Found an exit through the horrors of the Abyss.
 67568 | Pan      | Took an exit into the Abyss.
 67568 | Abyss:1  | Escaped into the Abyss
 67609 | Abyss:1  | Received a gift from Trog
 67656 | Depths:2 | Escaped the Abyss
 67662 | Hell     | Entered the Vestibule of Hell
 67662 | Hell     | Noticed Geryon
 67678 | Hell     | Killed Geryon
 67678 | Hell     | Reached skill level 27 in Throwing
 67682 | Hell     | Reached skill level 1 in Stealth
 67682 | Hell     | Reached skill level 1 in Evocations
 67698 | Hell     | Received a gift from Trog
 67794 | Hell     | Found a gateway to the Iron City of Dis.
 67806 | Dis:1    | Entered Level 1 of the Iron City of Dis
 68200 | Dis:6    | Gained mutation: Armour fits poorly on your strangely shaped body. [mutagenic glow]
 68227 | Dis:6    | Gained mutation: You are clumsy. (Dex -2) [mutagenic glow]
 68244 | Dis:6    | Received a gift from Trog
 68276 | Dis:6    | Reached skill level 5 in Stealth
 68301 | Dis:6    | Reached skill level 5 in Evocations
 68333 | Dis:6    | Gained mutation: Your spells are a little easier to cast, but a little less powerful. [mutagenic glow]
 68449 | Dis:7    | Entered Level 7 of the Iron City of Dis
 68663 | Dis:7    | Received a gift from Trog
 68669 | Dis:7    | Gained mutation: You are weak. (Str -2) [a cacodemon]
 69369 | Dis:7    | Received a gift from Trog
 69425 | Dis:7    | Reached skill level 10 in Stealth
 69430 | Dis:7    | Noticed Dispater
 69436 | Dis:7    | Reached skill level 10 in Evocations
 69448 | Dis:7    | Killed Dispater
 69471 | Dis:7    | Got an iron rune of Zot
 69487 | Dis:7    | Identified a +4 rod of clouds (13/13) (You took it off an ancient champion on level 7 of the Iron City of Dis)
 69634 | Hell     | Found a gateway to the freezing wastes of Cocytus.
 69649 | Hell     | Received a gift from Trog
 69709 | Hell     | Found a gateway to the decaying netherworld of Tartarus.
 69725 | Tar:1    | Entered Level 1 of Tartarus
 69968 | Tar:1    | Gained mutation: You expend magic power (3 MP) to strengthen your wands. [mutagenic glow]
 69993 | Tar:1    | Gained mutation: Your body sometimes deteriorates upon taking damage. [mutagenic glow]
 70055 | Tar:1    | Gained mutation: You are very clumsy. (Dex -4) [mutagenic glow]
 70129 | Tar:1    | Received a gift from Trog
 70297 | Tar:2    | Lost mutation: Armour fits poorly on your strangely shaped body. [potion of cure mutation]
 70297 | Tar:2    | Lost mutation: You expend magic power (3 MP) to strengthen your wands. [potion of cure mutation]
 70297 | Tar:2    | Lost mutation: You are dopey. (Int -2) [potion of cure mutation]
 70297 | Tar:2    | Lost mutation: Your body sometimes deteriorates upon taking damage. [potion of cure mutation]
 70297 | Tar:2    | Lost mutation: You are very clumsy. (Dex -4) [potion of cure mutation]
 70448 | Tar:2    | Received a gift from Trog
 70621 | Tar:3    | You fall through a shaft for 3 floors!
 70848 | Tar:7    | Entered Level 7 of Tartarus
 70917 | Tar:7    | Received a gift from Trog
 71130 | Tar:7    | Received a gift from Trog
 71292 | Tar:7    | Received a gift from Trog
 71307 | Tar:7    | Noticed Ereshkigal
 71343 | Tar:7    | Killed Ereshkigal
 71470 | Tar:7    | Got a bone rune of Zot
 71473 | Tar:7    | Got a translucent platinum ring
 71474 | Tar:7    | Identified the ring "Ajecroix" {rElec rF+ rN++ SInv} (You found it on level 7 of Tartarus)
 71650 | Hell     | Gained mutation: You are very weak. (Str -4) [mutagenic glow]
 71678 | Hell     | Found a gateway to the ashen valley of Gehenna.
 71701 | Geh:1    | Entered Level 1 of Gehenna
 71816 | Geh:2    | Received a gift from Trog
 72239 | Geh:7    | Entered Level 7 of Gehenna
 72261 | Geh:7    | Received a gift from Trog
 72434 | Geh:7    | Noticed an ancient lich
 72441 | Geh:7    | Killed an ancient lich
 72489 | Geh:7    | Received a gift from Trog
 72520 | Geh:7    | Reached skill level 15 in Stealth
 72528 | Geh:7    | p0werm0de: why dont you use the trishula?
 72528 | Geh:7    | p0werm0de: prefer cleave so much?
 72528 | Geh:7    | Chiseanne: figured Im fine with the axe..slay bonus +10 on equip and such
 72528 | Geh:7    | p0werm0de: holy wrath is 25-150% more dmg is 75% avg
 72528 | Geh:7    | p0werm0de: by far best dmg add of brands
 72528 | Geh:7    | Chiseanne: yes the cleave damage helps to get shit done in time
 72528 | Geh:7    | p0werm0de: id use trishula vs single strong demons
 72528 | Geh:7    | Chiseanne: I know you are right..but Im doing good so I stick with the axe
 72528 | Geh:7    | p0werm0de: kk^^
 72528 | Geh:7    | Chiseanne: and mostly it isnt served single
 72528 | Geh:7    | Chiseanne: they always come in groups
 72544 | Geh:7    | p0werm0de: yea i know i also like axe but it cn make difference now in boss fights
 72544 | Geh:7    | p0werm0de: if you kill hell lords
 72544 | Geh:7    | Chiseanne: up to here I just ran them over no problem..except gloorx ...I needed like 4 tries on him haha
 72544 | Geh:7    | p0werm0de: nice turncount btw
 72544 | Geh:7    | p0werm0de: nice
 72544 | Geh:7    | Chiseanne: ty :)
 72544 | Geh:7    | p0werm0de: cerebov easy too?
 72544 | Geh:7    | Chiseanne: may I point out to the axe again ;-)
 72544 | Geh:7    | Chiseanne: aye
 72544 | Geh:7    | Chiseanne: actually he was one of the easiest
 72545 | Geh:7    | p0werm0de: kk
 72548 | Geh:7    | p0werm0de: yea prob got good dmg
 72548 | Geh:7    | p0werm0de: armor is rly sick
 72548 | Geh:7    | p0werm0de: did you lvl stealth a bit?
 72548 | Geh:7    | Chiseanne: ++6 on body armour and +5 slay on amulet
 72548 | Geh:7    | Chiseanne: Im on it right now
 72548 | Geh:7    | p0werm0de: k
 72548 | Geh:7    | p0werm0de: that even enough alrdy
 72548 | Geh:7    | p0werm0de: but lol all maxx;P
 72548 | Geh:7    | p0werm0de: minotaurs..
 72548 | Geh:7    | Chiseanne: yeah I just let it level..I hjave what I need
 72548 | Geh:7    | Chiseanne: :D
 72573 | Geh:7    | Chiseanne: Trogg is an ass,,still mostly gifting needles, small axes and spears >.<
 72611 | Geh:7    | Killed from afar by a Brimstone Fiend

Skill      XL: |  1  2  3  4  5  6  7  8  9 10 11 12 13 14 15 16 17 18 19 20 21 22 23 24 25 26 27 |
---------------+----------------------------------------------------------------------------------+-----
Axes           | 4 5 6 7 9 14 17 24 | 24.6
Fighting       | 4 5 6 7 9 10 11 13 14 16 17 19 20 21 27 | 27.0
Armour         | 3 4 5 6 7 9 10 11 13 14 16 17 18 19 20 21 22 23 24 27 | 27.0
Dodging        | 3 4 6 14 18 19 20 21 27 | 27.0
Shields        | 1 3 5 7 9 11 12 14 15 17 18 19 20 22 24 27 | 27.0
Polearms       | 4 7 9 10 | 10.9
Throwing       | 4 6 8 27 | 27.0
Long Blades    | 14 | 14.0
Stealth        | 15 | 15.0
Evocations     | 13 | 13.0

Action                   |  1- 3 |  4- 6 |  7- 9 | 10-12 | 13-15 | 16-18 | 19-21 | 22-24 | 25-27 || total
-------------------------+-------+-------+-------+-------+-------+-------+-------+-------+-------++-------
Melee: Hand axe          |   145 |    56 |       |       |       |       |       |       |       ||   201
       Headbutt          |    37 |    29 |    69 |   146 |   417 |   587 |   785 |   498 |  1730 ||  4298
       War axe           |       |    66 |   298 |    46 |       |       |       |       |       ||   410
       Trident           |       |       |       |   531 |  1304 |  1569 |  1973 |  1196 |   123 ||  6696
       Scimitar          |       |       |       |     4 |     4 |    20 |     9 |       |   917 ||   954
       Broad axe         |       |       |       |       |       |       |       |   177 |  3423 ||  3600
 Fire: Hand crossbow     |       |       |       |       |       |    10 |     3 |       |       ||    13
Throw: Tomahawk          |       |       |       |     2 |     6 |       |     2 |       |       ||    10
       Javelin           |       |       |       |       |       |     2 |    43 |    43 |   399 ||   487
       Throwing net      |       |       |       |       |       |       |       |       |     6 ||     6
Invok: Berserk           |     1 |     2 |     3 |     5 |     7 |     8 |    12 |     6 |    22 ||    66
       Trog's Hand       |     1 |     2 |     2 |    10 |    18 |    44 |    61 |    26 |   167 ||   331
       Burn Spellbooks   |       |     1 |       |       |     7 |     1 |     2 |     7 |    22 ||    40
       Brothers in Arms  |       |       |       |       |     1 |    12 |       |     1 |     4 ||    18
Evoke: Wand              |       |       |     5 |     9 |    19 |     6 |     5 |     4 |     8 ||    56
       Lamp of fire      |       |       |       |       |       |       |       |     1 |     1 ||     2
       Fan of gales      |       |       |       |       |       |       |       |       |     1 ||     1
  Use: Scroll            |     2 |    13 |       |    13 |     8 |    12 |    14 |     9 |    85 ||   156
       Potion            |       |       |       |     2 |     3 |    10 |     2 |     8 |    52 ||    77
 Stab: Sleeping          |     1 |       |       |       |       |     1 |     3 |     5 |    27 ||    37
       Paralysed         |       |       |       |       |     1 |       |       |       |       ||     1
       Invisible         |       |       |       |       |       |     3 |       |       |    37 ||    40
       Distracted        |       |       |       |       |       |       |     5 |     1 |    23 ||    29
       Confused          |       |       |       |       |       |       |     2 |     1 |     3 ||     6
       Held in net/web   |       |       |       |       |       |       |       |       |     6 ||     6
  Eat: Chunk             |     2 |     7 |    14 |    23 |    40 |    48 |    56 |    16 |    23 ||   229
       Beef jerky        |     1 |       |       |       |       |       |     1 |       |    19 ||    21
       Fruit             |       |       |     2 |     1 |       |     9 |    11 |       |     6 ||    29
       Pizza             |       |       |     1 |     5 |     6 |       |     1 |     5 |       ||    18
       Royal jelly       |       |       |       |     1 |       |     2 |     2 |     6 |    15 ||    26
       Bread ration      |       |       |       |       |       |       |       |       |    19 ||    19
Armor: Animal skin       |     7 |       |       |       |       |       |       |       |       ||     7
       Plate armour      |   103 |    61 |    93 |       |       |       |       |       |       ||   257
       Scale mail        |       |       |    56 |   151 |    42 |       |       |       |       ||   249
       Chain mail        |       |       |       |       |   316 |   284 |       |       |       ||   600
       Leather armour    |       |       |       |       |       |    24 |   130 |       |       ||   154
       Shadow dragon sca |       |       |       |       |       |       |   117 |   345 |   828 ||  1290
Dodge: Dodged            |    62 |    51 |    75 |   183 |   387 |   268 |   703 |   576 |  2413 ||  4718
Block: Shield            |       |     5 |   154 |   441 |   910 |       |       |       |       ||  1510
       Reflection        |       |       |     8 |    74 |    55 |   161 |   124 |    37 |    77 ||   536
       Large shield      |       |       |       |       |   322 |  1889 |  2294 |  2017 |  5597 || 12119
       Rpst.: Scimitar   |       |       |       |       |       |     2 |       |       |    71 ||    73
